 Dungeon Crawl Stone Soup version 0.29.0-15-g675c0067aa (webtiles) character file.

Game seed: 12588827564249964584

545221 qw the Conqueror (level 24, -7/249 HPs)
             Began as a Minotaur Berserker on Sept 12, 2022.
             Was an Elder of Trog.
             Mangled by an Orb Guardian (19 damage)
             ... on level 5 of the Realm of Zot.
             The game lasted 00:24:28 (61750 turns).

qw the Conqueror (Minotaur Berserker)              Turns: 61750, Time: 00:24:28

Health: -7/249     AC: 24    Str: 35      XL:     24   Next: 87%
Magic:  3/22       EV: 18    Int:  3 (5)  God:    Trog [****..]
Gold:   604        SH: 36    Dex: 15      Spells: 23/23 levels left

rFire   + + +      SeeInvis +   d - +9 broad axe (vamp)
rCold   + + .      Faith    .   c - +8 tower shield of Responsibility {rElec Int+4}
rNeg    . . .      Spirit   .   o - +6 chain mail of Weirdness {Will+++ Int-3 Dex+3}
rPois   +          Reflect  +   (helmet restricted)
rElec   +          Harm     .   i - +0 cloak of Defence {rF+ Str+3}
rCorr   .          Rampage  .   w - +2 pair of gloves
Will    +++++      Rnd*Tele +   e - +2 pair of boots
Stlth   ..........              l - amulet of reflection
HPRegen 1.51/turn               q - ring of Thoughtfulness {rPois rF+ SInv}
MPRegen 0.18/turn               G - ring of the Villain {rF+ rC++}

@: about to teleport, strong-willed, corroded, on berserk cooldown,
regenerating, slowed, very slow
A: horns 2, retaliatory headbutt, deterioration 1, teleportitis 1, subdued magic
1
}: 3/15 runes: barnacled, silver, gossamer
a: Renounce Religion, Berserk, Trog's Hand, Brothers in Arms


You were on level 5 of the Realm of Zot.
You worshipped Trog.
Trog was greatly pleased with you.
You visited 8 branches of the dungeon, and saw 44 of its levels.
You also visited: Ossuary.

You collected 7516 gold pieces.
You spent 6912 gold pieces at shops.


Innate Abilities, Weirdness & Mutations

You have a pair of horns on your head.
You reflexively headbutt those who attack you in melee.
Your body sometimes deteriorates upon taking damage.
You are occasionally teleported next to monsters.
Your spells are a little easier to cast, but a little less powerful.


   Skills:
 O Level 27 Fighting
 - Level 21.0 Axes
 - Level 15.0 Throwing
 - Level 23.0 Armour
 + Level 17.8 Dodging
 - Level 23.1 Shields
 - Level 4.5 Evocations


You had 23 spell levels left.
You didn't know any spells.
Your spell library was empty.

Inventory:

Hand Weapons
 d - a +9 vampiric broad axe (weapon)
Missiles
 j - 14 boomerangs (quivered)
Armour
 c - the +8 tower shield of Responsibility (worn) {rElec Int+4}
   (You acquired it on level 4 of the Vaults)

   Int:       It affects your intelligence (+4).
   rElec:     It insulates you from electricity.
 e - a +2 pair of boots (worn)
 h - a +4 plate armour of willpower
 i - the +0 cloak of Defence (worn) {rF+ Str+3}
   (You found it on level 4 of the Dungeon)

   Str:       It affects your strength (+3).
   rF:        It protects you from fire.
 o - the +6 chain mail of Weirdness (worn) {Will+++ Int-3 Dex+3}
   (You found it on level 4 of the Vaults)

   Int:       It affects your intelligence (-3).
   Dex:       It affects your dexterity (+3).
   Will:      It greatly increases your willpower.
 s - the +15 Maxwell's patent armour {-Cast -Tele rElec Will+ rCorr}
   (You acquired it on level 5 of the Realm of Zot)

   rElec:     It insulates you from electricity.
   -Cast:     It prevents spellcasting.
   -Tele:     It prevents most forms of teleportation.
   rCorr:     It protects you from acid and corrosion.
   Will:      It increases your willpower.
 w - a +2 pair of gloves (worn)
 x - the +1 hat "Isya" {-Tele rC+ Int+3}
   (You found it on level 4 of the Spider Nest)

   Int:       It affects your intelligence (+3).
   rC:        It protects you from cold.
   -Tele:     It prevents most forms of teleportation.
 z - a +10 plate armour of ponderousness
 A - +0 gold dragon scales
 B - the +2 shield of Resistance {rF++ rC++ Will++}
   (You took it off a merfolk on level 4 of the Shoals)

   rF:        It greatly protects you from fire.
   rC:        It greatly protects you from cold.
   Will:      It greatly increases your willpower.
Jewellery
 a - the amulet "Xutecud" {Spirit Harm rF- Str+4}
   (You bought it in a shop on level 5 of the Vaults)

   [amulet of guardian spirit]

   It causes incoming damage to be divided between your reserves of health and
   magic.
   Str:       It affects your strength (+4).
   rF:        It makes you vulnerable to fire.
   Harm:      It increases damage dealt and taken.
 l - an amulet of reflection (around neck)
 q - the ring of Thoughtfulness (left hand) {rPois rF+ SInv}
   (You bought it in a shop on level 3 of the Vaults)

   [ring of see invisible]

   rF:        It protects you from fire.
   rPois:     It protects you from poison.
   SInv:      It lets you see invisible.
 r - a +4 ring of slaying {mikee}
 y - an amulet of regeneration
 C - the ring of Mibban {Fire rElec}
   (You took it off a merfolk on level 4 of the Shoals)

   [ring of fire]

   It enhances your fire magic.
   rF:        It protects you from fire.
   rC:        It makes you vulnerable to cold.
   rElec:     It insulates you from electricity.
 G - the ring of the Villain (right hand) {rF+ rC++}
   (You bought it in a shop on level 5 of the Vaults)

   [ring of protection from fire]

   rF:        It protects you from fire.
   rC:        It greatly protects you from cold.
 Y - a +4 ring of evasion
Scrolls
 f - 14 scrolls of identify
 g - 5 scrolls of teleportation
 p - 10 scrolls of enchant weapon
 D - a scroll of brand weapon
 F - 2 scrolls of enchant armour
Potions
 b - 13 potions of might
 k - 5 potions of mutation
 m - 4 potions of cancellation
 n - 8 potions of haste
 t - 6 potions of resistance
 u - 29 potions of curing

Dungeon Overview and Level Annotations

Branches:
Dungeon (15/15)            Temple (0/1) D:6            Lair (5/5) D:11
 Shoals (4/4) Lair:3       Spider (4/4) Lair:3        Slime (0/5) Lair:4
    Orc (2/2) D:11            Elf (0/3) Orc:2        Vaults (5/5) D:13
  Crypt (0/3) Vaults:3     Depths (4/4) D:15            Zot (5/5) Depths:4
Ossuary (visited)

Altars:
Elyvilon
Gozag
Hepliaklqana
Kikubaaqudgha
Nemelex Xobeh
Okawaru
Ru
Trog
Wu Jian
Yredelemnul
Jiyva

Shops:
D:1 !   D:8 *   D:9 ?   D:15 (:(   Orc:1 **   Orc:2 ![[=   Shoals:1 *
Shoals:2 [   Vaults:1 [   Vaults:3 =   Vaults:4 [   Vaults:5 !?!!!!!*===*
Depths:1 (

Portals:
Hell: Depths:1 Depths:2 Depths:3 Depths:4
Abyss: Depths:3
Pandemonium: Depths:2
Ziggurat: Depths:2

Annotations:
D:13 2 transporters, Benoasoz's ghost, journeyman TeWr
Shoals:2 1 runed translucent door
Spider:1 2 transporters, qw's ghost, journeyman MiBe
Orc:1 3 runed translucent doors, qw's ghost, journeyman MiBe
Depths:1 3 runed translucent doors, qw's ghost, veteran GrBe
Depths:4 6 runed translucent doors
Zot:3 2 transporters, qw's ghost, master GrDe
Zot:4 2 transporters


Message History

You block the green draconian monk's attack.
The green draconian monk kicks you but does no damage.
The green draconian monk misses you.
The green draconian monk tail-slaps you but does no damage.
The black draconian hits you but does no damage.
The red draconian scorcher enters a dispersal trap!
The purple draconian blinks!
The Orb Guardian blinks!
The orb of fire blinks!
The electric golem blinks!
The purple draconian blinks!
The moth of wrath blinks!
The Orb Guardian blinks! x2; The ancient lich blinks!
The black draconian blinks!
The quicksilver dragon blinks!
The black draconian blinks!
The green draconian monk blinks!
You blink.
The red draconian scorcher blinks!
The black draconian breathes lightning at you.
The bolt of lightning misses you.
The orb of fire enters a dispersal trap!
The Orb Guardian blinks!
The black draconian blinks!
The golden dragon blinks!
The death cob blinks!
The black draconian blinks!
The black draconian knight blinks! x2; The Killer Klown blinks!
The ancient lich blinks!
The moth of wrath blinks!
The purple draconian blinks!
The death cob blinks!
The green draconian monk blinks!
The black draconian blinks!
The quicksilver dragon blinks!
The Orb Guardian blinks!
The red draconian scorcher blinks!
The purple draconian blinks!
You blink.
A Killer Klown comes into view. It is wielding a +12 vorpal club.
The orb of fire blinks!
The Killer Klown says, "Trust me, I'm a doctor."
The Killer Klown pies you viciously!
The klown pie reflects off an invisible shield around you!
The klown pie hits the Killer Klown!!!
Moon pie!
The Killer Klown evaporates and reforms as an alligator snapping turtle!
The moth of wrath goads the alligator snapping turtle on!
The alligator snapping turtle goes berserk!
You block the quicksilver dragon's attack.
The quicksilver dragon claws you but does no damage.
You hear a loud "Zot"!
The electric golem crackles and sizzles.
The quicksilver dragon bites you but does no damage.
You block the quicksilver dragon's attack.
The Orb Guardian hits you!!
You die...

#....¤...... #.........
#.....d.
##...p.##############
##...............^^..###
##.¤¤¤....^..... #...^#
##^........z..... ###...
#..¤¤d.X¤X9...... ##..
#..)¤...D@q...... ##.
#.¤¤..¤.d........ #.
#...d.¤*yLt....q. ##
#..¤¤q¤¤Xd..D.... #
#..¤.^........... ##
##.....¤¤.¤¤..... #.
##......^....... ##.
##............. #..
#################### ###
###


You could see an orb of fire, a Killer Klown, an alligator snapping turtle
(berserk), an electric golem, a green draconian monk, a black draconian knight
(fast, invisible), a golden dragon, an ancient lich (fast, invisible), 3
draconians, 2 draconians, a death cob, a quicksilver dragon, 3 Orb Guardians, a
red draconian scorcher and a moth of wrath.

Vanquished Creatures
  A dread lich (Vaults:5)
  Mara (Vaults:4)
  4 ancient liches
  An orb of fire (Zot:5)
  A juggernaut (Depths:4)
  Sojobo (Depths:4)
  Boris (twice) (Vaults:4 Vaults:5)
  A curse toe (Zot:5)
  A Killer Klown (Zot:5)
  Nikola (Spider:4)
  7 golden dragons
  Jory (Vaults:4)
  3 bone dragons
  A Tzitzimitl (Zot:4)
  2 electric golems
  12 tentacled monstrosities
  3 doom hounds (Zot:4)
  Jorgrun (Spider:1)
  9 Orb Guardians (Zot:5)
  3 liches
  2 titans
  Asterion (Spider:1)
  6 quicksilver dragons
  A walking earthen tome (Depths:3)
  4 death cobs
  Grunn (Zot:4)
  Polyphemus (Shoals:2)
  11 storm dragons
  11 sphinxes
  A kraken (Shoals:2)
  Kirke (D:14)
  7 tengu reavers
  Roxanne (Spider:1)
  7 shadow dragons
  4 draconian knights
  6 fire giants
  5 draconian monks
  Louise (Depths:3)
  18 vault wardens
  3 draconian scorchers
  6 ghost moths
  9 frost giants
  2 orc warlords (Vaults:2)
  8 emperor scorpions
  A deep elf sorcerer (Vaults:5)
  24 very ugly things
  19 ironbound preservers
  A spriggan defender (Depths:2)
  13 stone giants
  6 draconian annihilators
  5 broodmothers
  2 reapers
  4 war gargoyles
  A quicksilver ooze (shapeshifter) (Vaults:5)
  7 black draconians
  4 vampire knights
  10 ironbound thunderhulks
  Nessos (D:13)
  5 entropy weavers
  16 purple draconians
  A deep elf annihilator (Vaults:5)
  13 dire elephants
  4 green draconians
  12 white draconians
  11 yellow draconians
  13 red draconians
  6 spark wasps
  5 merfolk javelineers
  6 merfolk impalers
  A crystal guardian (Vaults:4)
  13 ettins
  3 fire dragons (Depths:1)
  3 deep elf high priests (Vaults:5)
  Josephine (Orc:1)
  A deep elf death mage (Vaults:4)
  17 yaktaur captains
  4 great orbs of eyes
  5 boulder beetles
  7 ice dragons
  2 spriggan air magi
  3 ogre magi
  A hell beast (Depths:2)
  A great orb of eyes (shapeshifter) (Vaults:3)
  Harold (Lair:1)
  11 centaur warriors
  35 vault guards
  2 rakshasas (Depths:1)
  A ghost crab (Spider:1)
  6 ironbound frosthearts
  5 hydras
  8 two-headed ogres
  A merfolk avatar (Shoals:4)
  2 peacekeepers
  A catoblepas (Shoals:2)
  3 radroaches
  9 merfolk aquamancers
  2 death knights (Vaults:3)
  9 death yaks
  3 vampire magi
  6 deep troll shamans
  8 spriggan berserkers
  A hell hog (Depths:2)
  3 tengu warriors
  5 deep troll earth magi
  A hell knight (Vaults:5)
  2 sun demons
  A soul eater (Depths:2)
  A titan skeleton (Vaults:4)
  Sonja (Lair:1)
  10 iron trolls
  A sun moth (Spider:3)
  3 skeletal warriors (D:14)
  74 deep trolls
  6 sea snakes
  2 flayed ghosts
  A sea snake (shapeshifter) (Vaults:5)
  4 pharaoh ants
  5 orb spiders
  A quicksilver dragon simulacrum (Depths:2)
  3 steelbarb worms
  A glowing orange brain (Depths:1)
  10 wizards
  16 ironbound convokers
  4 lindwurms (Vaults:2)
  6 phantasmal warriors
  6 orc knights
  23 wolf spiders
  A deep elf pyromancer (D:14)
  A necromancer (Vaults:4)
  19 slime creatures
  3 orc sorcerers
  17 harpies
  A cyclops (shapeshifter) (Vaults:5)
  31 ugly things
  7 cyclopes
  A salamander (D:15)
  A will-o-the-wisp (D:14)
  7 fauns
  16 manticores
  6 merfolk sirens
  12 elephants
  27 moths of wrath
  A moth of wrath (shapeshifter) (Vaults:5)
  8 water nymphs
  A rust devil (Depths:2)
  5 torpor snails
  10 black mambas
  13 vault sentinels
  A guardian serpent (Lair:5)
  An orange demon (Depths:2)
  6 gargoyles
  20 cane toads
  29 yaktaurs
  A storm dragon simulacrum (Vaults:4)
  6 komodo dragons
  Psyche (D:10)
  6 demonic crawlers
  An efreet (D:14)
  2 tengu conjurers
  2 tormentors
  2 freezing wraiths (D:14)
  29 merfolk
  3 polar bears
  A merfolk (shapeshifter) (Vaults:5)
  15 hornets
  3 meliai (D:13)
  18 tarantellas
  3 tyrant leeches (Spider:1)
  10 trolls
  4 blink frogs (Lair:4)
  9 wind drakes
  A raiju (shapeshifter) (D:15)
  A stone giant simulacrum (Vaults:4)
  4 snapping turtles
  7 dream sheep (Lair:3)
  33 jumping spiders
  A jumping spider (shapeshifter) (Depths:4)
  8 air elementals (Shoals:4)
  17 culicivoras
  6 wraiths
  5 spriggans
  35 water elementals
  A shadow (D:12)
  4 hogs (D:14)
  A ynoxinul (Depths:2)
  8 wyverns
  36 yaks
  A hog (shapeshifter) (D:14)
  2 humans (D:13)
  4 basilisks
  A golden eye (shapeshifter) (D:14)
  A yaktaur simulacrum (Vaults:4)
  25 vampire mosquitoes
  13 wargs
  46 redbacks
  3 steam dragons
  An acid dragon (D:12)
  27 water moccasins
  A floating eye (Depths:3)
  An ice beast (D:7)
  11 orc warriors
  A black bear (D:6)
  12 wolves
  A boggart (Vaults:2)
  17 ogres
  A phantom (D:6)
  7 centaurs
  2 kobold brigands
  8 bullfrogs
  2 scorpions
  3 water moccasin zombies (Ossuary)
  13 wights
  6 killer bees (D:9)
  2 electric eels
  3 howler monkeys
  A hound (D:5)
  A jelly (shapeshifter) (Vaults:5)
  18 orc priests
  A gnoll bouda (D:5)
  A jelly (D:7)
  3 iguanas
  7 hell rats
  12 orc wizards
  2 mummies (Ossuary)
  6 gnolls
  An adder (D:2)
  A shadow imp (D:7)
  A white imp (D:7)
  An ufetubus (D:5)
  7 adder zombies (Ossuary)
  A worm (D:2)
  4 dart slugs
  52 orcs
  5 endoplasms
  7 giant cockroaches
  4 gnoll zombies (Ossuary)
  9 goblins
  14 hobgoblins
  8 jackals
  5 quokkas
  10 ball pythons
  8 bats
  2 frilled lizards
  A goblin zombie (D:8)
  4 hobgoblin zombies (Ossuary)
  17 kobolds
  4 kobold zombies (Ossuary)
  4 orc zombies (Ossuary)
  6 rats
  A rat zombie (D:8)
  3 tentacles (Shoals:2)
1705 creatures vanquished.

Vanquished Creatures (collateral kills)
  An ancient lich (Vaults:5)
  A tentacled monstrosity (Vaults:5)
  A fire giant (Depths:3)
  An iron dragon (Vaults:5)
  4 merfolk impalers
  4 hydras
  An ogre mage (Orc:2)
  3 ironbound frosthearts
  A merfolk avatar (Shoals:2)
  3 two-headed ogres (Orc:2)
  A deep troll shaman (Depths:3)
  4 orb spiders
  2 orc knights (Vaults:2)
  A wolf spider (Spider:4)
  An oklob plant (Lair:3)
  An ugly thing (Depths:4)
  2 elephants (Lair:3)
  A merfolk siren (Shoals:2)
  A vault sentinel (Vaults:5)
  A demonic crawler (Spider:4)
  A yaktaur (Vaults:1)
  11 merfolk (Shoals:2)
  2 trolls (Orc:2)
  A tarantella (Spider:1)
  A jumping spider (Spider:4)
  An air elemental (Shoals:4)
  2 vampire mosquitoes (D:14)
  3 redbacks
  An orc warrior (Orc:2)
  5 ogres (Orc:2)
  An orc (Orc:2)
64 creatures vanquished.

Vanquished Creatures (others)
  A deep troll earth mage (Depths:4)
  A wizard (Vaults:1)
  2 tyrant leeches (Spider:1)
  A tarantella (Spider:1)
  A human (D:14)
  A rat (D:1)
  A bush (Lair:5)
  2 foxfires (D:14)
  43 fungi
  84 plants
  5 tentacles (Shoals:2)
142 creatures vanquished.

Grand Total: 1911 creatures vanquished

Notes
Turn   | Place    | Note
-------+----------+-------------------------------------------
     0 | D:1      | qw the Minotaur Berserker began the quest for the Orb.
     0 | D:1      | Reached XP level 1. HP: 19/19 MP: 0/0
     0 | D:1      | 0 ||| qw: Version: 0.1-a-119-g272c26d
     0 | D:1      | 0 ||| qw: Game counter: 11019
     0 | D:1      | 0 ||| qw: Always use a shield: true
     0 | D:1      | 0 ||| qw: Do Orc after D:15 true
     0 | D:1      | 0 ||| qw: Do second Lair branch before Depths: true
     0 | D:1      | 0 ||| qw: Lair rune preference: random
     0 | D:1      | 0 ||| qw: Plans: Normal
     0 | D:1      | 0 ||| PLANNING D:1-11
    18 | D:1      | Found Awnipt's Distillery.
    37 | D:1      | 37 ||| SHOPLISTING 2 potions of mutation (176 gold, have
                  | 0).
    37 | D:1      | 37 ||| SHOPLISTING potion of curing (33 gold, have 0).
    37 | D:1      | 37 ||| SHOPLISTING potion of heal wounds (55 gold, have 0).
    37 | D:1      | 37 ||| SHOPLISTING potion of might (44 gold, have 0).
   139 | D:1      | 139 ||| Stepping ~*~*~tactically~*~*~ (stealth).
   151 | D:1      | Reached XP level 2. HP: 26/26 MP: 1/1
   329 | D:1      | 329 ||| Stepping ~*~*~tactically~*~*~ (stealth).
   338 | D:1      | 338 ||| DROPPING +0 club.
   746 | D:1      | Reached XP level 3. HP: 31/31 MP: 2/2
   794 | D:1      | 794 ||| Stepping ~*~*~tactically~*~*~ (stealth).
   797 | D:1      | 797 ||| Stepping ~*~*~tactically~*~*~ (stealth).
   870 | D:1      | 870 ||| Stepping ~*~*~tactically~*~*~ (stealth).
   871 | D:1      | 871 ||| Stepping ~*~*~tactically~*~*~ (stealth).
   877 | D:1      | Reached ** piety under Trog
  1059 | D:1      | 1059 ||| UPGRADING to +0 cloak.
  1064 | D:1      | 1064 ||| UPGRADING to +1 pair of boots.
  1069 | D:1      | 1069 ||| UPGRADING to +0 buckler.
  1074 | D:1      | 1074 ||| READING scroll labelled ILUPTEOBOE.
  1079 | D:1      | 1079 ||| READING scroll labelled VIETOBB OHOU.
  1080 | D:1      | 1080 ||| DRINKING 2 smoky puce potions.
  1113 | D:1      | 1113 ||| DROPPING potion of lignification.
  1148 | D:2      | 1148 ||| STAIRDANCE
  1200 | D:2      | 1200 ||| STAIRDANCE
  1207 | D:1      | Reached skill level 1 in Shields
  1350 | D:2      | 1350 ||| STAIRDANCE
  1422 | D:2      | 1422 ||| INVOKING Berserk.
  1532 | D:2      | 1532 ||| Stepping ~*~*~tactically~*~*~ (stealth).
  1710 | D:2      | 1710 ||| Stepping ~*~*~tactically~*~*~ (stealth).
  1748 | D:2      | 1748 ||| Stepping ~*~*~tactically~*~*~ (stealth).
  1750 | D:2      | Found a faded altar of an unknown god.
  1751 | D:2      | Noticed a shining eye
  1752 | D:2      | 1752 ||| UPGRADING to +0 leather armour.
  1764 | D:2      | Reached XP level 4. HP: 31/39 MP: 3/3
  1820 | D:2      | 1820 ||| DROPPING +0 animal skin.
  1822 | D:2      | Noticed an eye of devastation
  1827 | D:2      | Noticed a golden eye
  1850 | D:2      | Noticed a golden eye
  1954 | D:2      | 1954 ||| UPGRADING to +0 plate armour.
  1964 | D:2      | 1964 ||| DROPPING +0 leather armour.
  2096 | D:2      | 2096 ||| UPGRADING to +6 ring of strength.
  2097 | D:2      | 2097 ||| READING scroll labelled UNTEOGR MANIH.
  2201 | D:3      | Found a basalt altar of Yredelemnul.
  2283 | D:3      | 2283 ||| Stepping ~*~*~tactically~*~*~ (stealth).
  2294 | D:3      | Reached skill level 6 in Axes
  2695 | D:3      | 2695 ||| Stepping ~*~*~tactically~*~*~ (stealth).
  2762 | D:3      | 2762 ||| Stepping ~*~*~tactically~*~*~ (stealth).
  2852 | D:3      | 2852 ||| UPGRADING to +0 kite shield.
  2862 | D:3      | 2862 ||| DROPPING +0 buckler.
  2863 | D:3      | 2863 ||| UPGRADING to amulet of the acrobat.
  2868 | D:3      | 2868 ||| UPGRADING to ring of resist corrosion.
  2869 | D:3      | 2869 ||| READING scroll labelled APSYODE MOXEON.
  2870 | D:3      | 2870 ||| READING scroll labelled WIRUOWNAEB.
  2871 | D:3      | 2871 ||| READING scroll labelled TUTOUKITIQ.
  2872 | D:3      | 2872 ||| Stepping randomly (stuck).
  2873 | D:3      | 2873 ||| Stepping ~*~*~tactically~*~*~ (cloud).
  3400 | D:4      | 3400 ||| Stepping ~*~*~tactically~*~*~ (hiding).
  3416 | D:4      | 3416 ||| INVOKING Berserk.
  3427 | D:4      | Reached skill level 3 in Shields
  3427 | D:4      | Reached XP level 5. HP: 24/45 MP: 4/4
  3613 | D:4      | 3613 ||| DROPPING +0 flail.
  3614 | D:4      | 3614 ||| DROPPING +0 whip.
  3751 | D:4      | Identified the +0 cloak of Defence {rF+ Str+3}
  4126 | D:4      | 4126 ||| UPGRADING to +0 cloak of Defence {rF+ Str+3}.
  4136 | D:4      | 4136 ||| DROPPING +0 cloak.
  4137 | D:4      | 4137 ||| READING 2 scrolls labelled YNEWKU DAVVITZ.
  4145 | D:5      | Entered Level 5 of the Dungeon
  4147 | D:5      | 4147 ||| STAIRDANCE
  4152 | D:4      | Reached XP level 6. HP: 47/51 MP: 5/5
  4237 | D:5      | 4237 ||| Stepping ~*~*~tactically~*~*~ (stealth).
  4248 | D:5      | 4248 ||| INVOKING Berserk.
  4272 | D:5      | 4272 ||| FLEEEEING.
  4276 | D:5      | 4276 ||| STAIRDANCE
  4441 | D:5      | 4441 ||| Stepping ~*~*~tactically~*~*~ (hiding).
  4442 | D:5      | 4442 ||| Stepping ~*~*~tactically~*~*~ (hiding).
  4499 | D:5      | Reached *** piety under Trog
  4500 | D:5      | Reached skill level 3 in Armour
  4511 | D:5      | Reached skill level 4 in Fighting
  4676 | D:5      | 4676 ||| INVOKING Berserk.
  4691 | D:5      | Reached XP level 7. HP: 58/59 MP: 6/6
  5106 | D:5      | 5106 ||| Stepping ~*~*~tactically~*~*~ (stealth).
  5108 | D:5      | 5108 ||| Stepping ~*~*~tactically~*~*~ (stealth).
  5109 | D:5      | 5109 ||| INVOKING Berserk.
  5291 | D:5      | 5291 ||| SWAPPING to +0 war axe.
  5292 | D:5      | 5292 ||| DROPPING +1 hand axe.
  5492 | D:5      | 5492 ||| UPGRADING to +0 pair of gloves.
  5497 | D:5      | 5497 ||| DROPPING ring of magical power.
  5498 | D:5      | 5498 ||| READING scroll labelled YRICEM QUIFRE.
  5499 | D:5      | 5499 ||| READING 2 scrolls labelled ZAYPEUNACS.
  5499 | D:5      | Identified 2 scrolls of acquirement
  5499 | D:5      | 5499 ||| ACQUIRING +2 vampiric broad axe
  5499 | D:5      | Acquired a +2 vampiric broad axe
  5501 | D:5      | 5501 ||| SWAPPING to +2 vampiric broad axe.
  5502 | D:5      | 5502 ||| DROPPING +0 war axe.
  5503 | D:5      | 5503 ||| READING scroll of acquirement.
  5503 | D:5      | 5503 ||| ACQUIRING amulet of guardian spirit
  5503 | D:5      | Acquired an amulet of guardian spirit
  5505 | D:5      | 5505 ||| DROPPING 2 potions of berserk rage.
  5512 | D:6      | 5512 ||| INVOKING Berserk.
  5516 | D:6      | Reached skill level 6 in Shields
  5646 | D:6      | Noticed a steam dragon
  5650 | D:6      | 5650 ||| INVOKING Berserk.
  5652 | D:6      | Killed a steam dragon
  5924 | D:6      | Reached XP level 8. HP: 64/66 MP: 7/7
  5929 | D:6      | Reached skill level 9 in Axes
  5941 | D:6      | Reached skill level 5 in Fighting
  6117 | D:6      | 6117 ||| Stepping ~*~*~tactically~*~*~ (stealth).
  6121 | D:6      | 6121 ||| Stepping ~*~*~tactically~*~*~ (stealth).
  6122 | D:6      | 6122 ||| Stepping ~*~*~tactically~*~*~ (stealth).
  6201 | D:6      | Found a staircase to the Ecumenical Temple.
  6451 | D:6      | 6451 ||| DRINKING 2 fizzy sapphire potions.
  6452 | D:6      | 6452 ||| DRINKING 2 green potions.
  6453 | D:6      | 6453 ||| DROPPING potion of brilliance.
  6532 | D:7      | Found a sacrificial altar of Ru.
  6532 | D:7      | Found a sparkling altar of Nemelex Xobeh.
  6533 | D:7      | Found a white marble altar of Elyvilon.
  6541 | D:7      | 6541 ||| READING scroll of enchant weapon.
  6541 | D:7      | 6541 ||| ENCHANTING +2 vampiric broad axe.
  6659 | D:7      | Found an ancient bone altar of Kikubaaqudgha.
  6773 | D:7      | You fall into a shaft and drop 1 floor!
  6775 | D:8      | 6775 ||| PLANNING OSSUARY
  6786 | D:8      | 6786 ||| Stepping ~*~*~tactically~*~*~ (stealth).
  6833 | D:8      | Found a sand-covered staircase.
  6834 | D:8      | 6834 ||| READING scroll labelled ZOSAUR QILYV.
  6935 | D:8      | 6935 ||| DRINKING 2 viscous green potions.
  6936 | D:8      | 6936 ||| DROPPING potion of flight.
  6948 | Ossuary  | Entered an ossuary
  7053 | Ossuary  | Reached **** piety under Trog
  7089 | Ossuary  | Reached skill level 6 in Fighting
  7119 | Ossuary  | 7119 ||| READING scroll labelled OSETSI BYCWU.
  7120 | Ossuary  | 7120 ||| DRINKING 2 coppery potions.
  7121 | Ossuary  | 7121 ||| DRINKING 2 pink potions.
  7122 | Ossuary  | 7122 ||| DRINKING 2 brown potions.
  7123 | Ossuary  | 7123 ||| DRINKING 2 viscous grey potions.
  7124 | Ossuary  | 7124 ||| DRINKING 2 glowing cyan potions.
  7125 | Ossuary  | 7125 ||| READING 2 scrolls of identify.
  7125 | Ossuary  | 7125 ||| IDENTIFYING grey potion
  7126 | Ossuary  | 7126 ||| DROPPING potion of magic.
  7127 | Ossuary  | 7127 ||| DROPPING potion of degeneration.
  7135 | D:8      | 7135 ||| PLANNING D:1-11
  7184 | D:8      | Reached XP level 9. HP: 63/75 MP: 8/8
  7208 | D:8      | 7208 ||| Stepping ~*~*~tactically~*~*~ (stealth).
  7210 | D:8      | 7210 ||| Stepping ~*~*~tactically~*~*~ (stealth).
  7220 | D:8      | 7220 ||| INVOKING Berserk.
  7484 | D:8      | 7484 ||| Stepping ~*~*~tactically~*~*~ (hiding).
  7486 | D:8      | 7486 ||| Stepping ~*~*~tactically~*~*~ (hiding).
  7488 | D:8      | 7488 ||| INVOKING Berserk.
  7673 | D:7      | 7673 ||| INVOKING Berserk.
  8060 | D:7      | 8060 ||| READING scroll labelled HOASTU CEVEOLL.
  8139 | D:8      | 8139 ||| Stepping ~*~*~tactically~*~*~ (hiding).
  8140 | D:8      | 8140 ||| Stepping ~*~*~tactically~*~*~ (stealth).
  8432 | D:8      | Found Enadimeer's Assorted Antiques.
  8435 | D:8      | 8435 ||| BUYING cyan potion (18 gold).
  8435 | D:8      | Bought a cyan potion for 18 gold pieces
  8435 | D:8      | 8435 ||| BUYING runed plate armour (546 gold).
  8435 | D:8      | Bought a runed plate armour for 546 gold pieces
  8435 | D:8      | 8435 ||| SHOPLISTING silvery potion (18 gold, have 16).
  8668 | D:8      | 8668 ||| UPGRADING to +3 plate armour of willpower.
  8678 | D:8      | 8678 ||| DROPPING +0 plate armour.
  8679 | D:8      | 8679 ||| READING scroll labelled TUENNE OTHRI.
  8680 | D:8      | 8680 ||| READING scroll labelled YNAIF QEAZU.
  8681 | D:8      | 8681 ||| DRINKING 2 cyan potions.
  8782 | D:8      | 8782 ||| DROPPING potion of ambrosia.
  8826 | D:9      | 8826 ||| Stepping ~*~*~tactically~*~*~ (stealth).
  8830 | D:9      | Reached skill level 6 in Armour
  8951 | D:9      | Reached skill level 12 in Axes
  8961 | D:9      | 8961 ||| Stepping ~*~*~tactically~*~*~ (hiding).
  8963 | D:9      | 8963 ||| Stepping ~*~*~tactically~*~*~ (stealth).
  9020 | D:9      | Reached skill level 7 in Fighting
  9046 | D:9      | Reached skill level 9 in Shields
  9058 | D:9      | Paralysed by a hornet for 2 turns
  9060 | D:9      | 9060 ||| INVOKING Berserk.
  9063 | D:9      | Paralysed by a hornet for 2 turns
  9066 | D:9      | Reached XP level 10. HP: 41/86 MP: 9/9
  9503 | D:9      | Found Teim's Magic Scroll Emporium.
  9509 | D:9      | 9509 ||| BUYING scroll of identify (22 gold).
  9509 | D:9      | Bought a scroll of identify for 22 gold pieces
  9509 | D:9      | 9509 ||| BUYING scroll of identify (22 gold).
  9509 | D:9      | Bought a scroll of identify for 22 gold pieces
  9509 | D:9      | 9509 ||| BUYING scroll of identify (22 gold).
  9509 | D:9      | Bought a scroll of identify for 22 gold pieces
  9512 | D:9      | 9512 ||| READING 4 scrolls of identify.
  9512 | D:9      | 9512 ||| IDENTIFYING white potion
  9513 | D:9      | 9513 ||| READING 3 scrolls of identify.
  9513 | D:9      | 9513 ||| IDENTIFYING clear potion
  9514 | D:9      | 9514 ||| DROPPING potion of invisibility.
  9545 | D:10     | Entered Level 10 of the Dungeon
  9547 | D:10     | 9547 ||| STAIRDANCE
  9588 | D:10     | 9588 ||| STAIRDANCE
  9705 | D:10     | 9705 ||| Stepping ~*~*~tactically~*~*~ (stealth).
  9847 | D:10     | Reached skill level 8 in Fighting
  9879 | D:10     | Noticed Psyche
  9890 | D:10     | Killed Psyche
  9903 | D:10     | Noticed a two-headed ogre
  9905 | D:10     | 9905 ||| INVOKING Berserk.
  9908 | D:10     | Killed a two-headed ogre
 10028 | D:10     | Found a hazy altar of Hepliaklqana.
 10048 | D:10     | 10048 ||| Stepping ~*~*~tactically~*~*~ (hiding).
 10055 | D:10     | 10055 ||| INVOKING Berserk.
 10174 | D:10     | Identified the +3 flail of Zenym {vorpal, *Rage rCorr Str+3
                  | Dex+7}
 10176 | D:10     | 10176 ||| DROPPING +3 flail of Zenym {vorpal, *Rage rCorr
                  | Str+3 Dex+7}.
 10226 | D:10     | Noticed a gargoyle
 10227 | D:10     | Noticed a gargoyle
 10231 | D:10     | Killed a gargoyle
 10235 | D:10     | Killed a gargoyle
 10392 | D:10     | 10392 ||| INVOKING Berserk.
 10535 | D:10     | 10535 ||| Stepping ~*~*~tactically~*~*~ (stealth).
 10775 | D:11     | 10775 ||| STAIRDANCE
 10783 | D:11     | 10783 ||| STAIRDANCE
 10788 | D:11     | 10788 ||| INVOKING Berserk.
 10839 | D:11     | Noticed a manticore
 10840 | D:11     | 10840 ||| Stepping ~*~*~tactically~*~*~ (stealth).
 10849 | D:11     | 10849 ||| INVOKING Berserk.
 10851 | D:11     | Killed a manticore
 10852 | D:11     | Reached XP level 11. HP: 94/94 MP: 10/10
 11025 | D:11     | Found a staircase to the Orcish Mines.
 11037 | D:11     | Found a staircase to the Lair.
 11041 | D:11     | 11041 ||| INVOKING Berserk.
 11159 | D:11     | 11159 ||| Stepping ~*~*~tactically~*~*~ (stealth).
 11160 | D:11     | 11160 ||| Stepping ~*~*~tactically~*~*~ (stealth).
 11165 | D:11     | Reached skill level 15 in Axes
 11326 | D:11     | 11326 ||| INVOKING Berserk.
 11332 | D:11     | Reached skill level 9 in Fighting
 11466 | D:11     | 11466 ||| DROPPING +1 vorpal flail.
 11658 | D:11     | 11658 ||| INVOKING Berserk.
 11663 | D:11     | Reached skill level 1 in Throwing
 11813 | D:11     | 11813 ||| FLEEEEING.
 11815 | D:11     | 11815 ||| FLEEEEING.
 11838 | D:11     | 11838 ||| FLEEEEING.
 11839 | D:11     | 11839 ||| FLEEEEING.
 11840 | D:11     | 11840 ||| FLEEEEING.
 11841 | D:11     | 11841 ||| FLEEEEING.
 11849 | D:11     | 11849 ||| INVOKING Berserk.
 11965 | D:11     | 11965 ||| PLANNING LAIR
 11965 | D:11     | 11965 ||| READING 3 scrolls of identify.
 11965 | D:11     | 11965 ||| IDENTIFYING emerald potion
 12007 | Lair:1   | Entered Level 1 of the Lair of Beasts
 12007 | Lair:1   | Noticed Sonja
 12016 | Lair:1   | Killed Sonja
 12044 | Lair:1   | Noticed Harold
 12048 | Lair:1   | 12048 ||| INVOKING Berserk.
 12053 | Lair:1   | Killed Harold
 12196 | Lair:1   | 12196 ||| Stepping ~*~*~tactically~*~*~ (stealth).
 12203 | Lair:1   | 12203 ||| Stepping ~*~*~tactically~*~*~ (stealth).
 12204 | Lair:1   | 12204 ||| Stepping ~*~*~tactically~*~*~ (stealth).
 12229 | Lair:1   | 12229 ||| Stepping ~*~*~tactically~*~*~ (stealth).
 12295 | Lair:1   | 12295 ||| INVOKING Berserk.
 12374 | Lair:1   | 12374 ||| INVOKING Berserk.
 12580 | Lair:1   | 12580 ||| READING scroll of acquirement.
 12580 | Lair:1   | 12580 ||| ACQUIRING +4 ring of slaying
 12580 | Lair:1   | Acquired a +4 ring of slaying
 12582 | Lair:1   | 12582 ||| UPGRADING to +4 ring of slaying {mikee}.
 12737 | Lair:1   | Identified the +6 dagger "Qoxium" {vorpal, Fragile rC+++
                  | SInv}
 12996 | Lair:1   | 12996 ||| DROPPING ring of ice.
 12997 | Lair:1   | 12997 ||| UPGRADING to +6 ring of strength.
 12999 | Lair:1   | 12999 ||| DROPPING ring of resist corrosion.
 13013 | Lair:2   | 13013 ||| INVOKING Berserk.
 13016 | Lair:2   | Reached skill level 9 in Armour
 13218 | Lair:2   | 13218 ||| INVOKING Berserk.
 13330 | Lair:2   | 13330 ||| INVOKING Berserk.
 13563 | Lair:2   | 13563 ||| Stepping ~*~*~tactically~*~*~ (hiding).
 13565 | Lair:2   | 13565 ||| Stepping ~*~*~tactically~*~*~ (hiding).
 13568 | Lair:2   | 13568 ||| INVOKING Berserk.
 13685 | Lair:2   | 13685 ||| Stepping ~*~*~tactically~*~*~ (stealth).
 13718 | Lair:2   | 13718 ||| Stepping ~*~*~tactically~*~*~ (water).
 13720 | Lair:2   | 13720 ||| Stepping ~*~*~tactically~*~*~ (water).
 13723 | Lair:2   | Reached XP level 12. HP: 101/104 MP: 11/11
 13795 | Lair:2   | 13795 ||| Stepping ~*~*~tactically~*~*~ (stealth).
 14070 | Lair:3   | 14070 ||| STAIRDANCE
 14126 | Lair:3   | 14126 ||| Stepping ~*~*~tactically~*~*~ (stealth).
 14135 | Lair:3   | Reached skill level 10 in Fighting
 14245 | Lair:3   | 14245 ||| Stepping ~*~*~tactically~*~*~ (hiding).
 14252 | Lair:3   | Found a staircase to the Shoals.
 14357 | Lair:3   | Noticed an eight-headed hydra
 14357 | Lair:3   | Found the +1 robe of Vines {NoPotionHeal Regen++++}
 14358 | Lair:3   | 14358 ||| INVOKING Brothers in Arms.
 14359 | Lair:3   | Noticed an eight-headed hydra
 14360 | Lair:3   | 14360 ||| SWAPPING to +0 morningstar.
 14362 | Lair:3   | 14362 ||| INVOKING Berserk.
 14364 | Lair:3   | Killed an eight-headed hydra
 14364 | Lair:3   | Noticed a five-headed hydra
 14366 | Lair:3   | Killed an eight-headed hydra
 14367 | Lair:3   | Reached skill level 18 in Axes
 14370 | Lair:3   | Killed a five-headed hydra
 14372 | Lair:3   | 14372 ||| SWAPPING to +3 vampiric broad axe.
 14590 | Lair:3   | Reached skill level 11 in Fighting
 14824 | Lair:3   | Found a hole to the Spider Nest.
 14825 | Lair:3   | 14825 ||| INVOKING Brothers in Arms.
 14826 | Lair:3   | 14826 ||| INVOKING Brothers in Arms.
 14827 | Lair:3   | 14827 ||| READING 5 scrolls of identify.
 14827 | Lair:3   | 14827 ||| IDENTIFYING silvery potion
 14828 | Lair:3   | 14828 ||| DROPPING potion of attraction.
 14829 | Lair:3   | 14829 ||| READING 6 scrolls of teleportation.
 14833 | Lair:3   | 14833 ||| Stepping randomly (stuck).
 15089 | Lair:3   | 15089 ||| INVOKING Brothers in Arms.
 15090 | Lair:3   | 15090 ||| INVOKING Brothers in Arms.
 15105 | Lair:3   | 15105 ||| READING 5 scrolls of teleportation.
 15106 | Lair:3   | 15106 ||| Stepping randomly (stuck).
 15109 | Lair:3   | 15109 ||| Stepping randomly (stuck).
 15266 | Lair:3   | 15266 ||| INVOKING Brothers in Arms.
 15267 | Lair:3   | 15267 ||| READING 4 scrolls of teleportation.
 15268 | Lair:3   | 15268 ||| FLEEEEING.
 15269 | Lair:3   | 15269 ||| FLEEEEING.
 15270 | Lair:3   | 15270 ||| FLEEEEING.
 15389 | Lair:4   | 15389 ||| STAIRDANCE
 15398 | Lair:4   | 15398 ||| STAIRDANCE
 15436 | Lair:4   | 15436 ||| INVOKING Berserk.
 15454 | Lair:4   | Reached skill level 12 in Shields
 15461 | Lair:4   | Reached XP level 13. HP: 96/116 MP: 12/12
 15598 | Lair:4   | 15598 ||| Stepping ~*~*~tactically~*~*~ (stealth).
 15601 | Lair:4   | 15601 ||| Stepping ~*~*~tactically~*~*~ (stealth).
 15605 | Lair:4   | 15605 ||| Stepping ~*~*~tactically~*~*~ (stealth).
 15644 | Lair:4   | Found a viscous altar of Jiyva.
 15647 | Lair:4   | Found a staircase to the Slime Pits.
 15751 | Lair:4   | 15751 ||| READING scroll of enchant weapon.
 15751 | Lair:4   | 15751 ||| ENCHANTING +3 vampiric broad axe.
 15777 | Lair:4   | 15777 ||| INVOKING Berserk.
 15942 | Lair:4   | 15942 ||| Stepping ~*~*~tactically~*~*~ (hiding).
 16040 | Lair:4   | 16040 ||| INVOKING Berserk.
 16158 | Lair:4   | 16158 ||| INVOKING Berserk.
 16349 | Lair:4   | Reached skill level 3 in Throwing
 16629 | Lair:5   | Entered Level 5 of the Lair of Beasts
 16630 | Lair:5   | 16630 ||| INVOKING Brothers in Arms.
 16631 | Lair:5   | 16631 ||| SWAPPING to +0 morningstar.
 16632 | Lair:5   | 16632 ||| INVOKING Berserk.
 16643 | Lair:5   | 16643 ||| SWAPPING to +4 vampiric broad axe.
 16664 | Lair:5   | 16664 ||| FLEEEEING.
 16665 | Lair:5   | 16665 ||| FLEEEEING.
 16666 | Lair:5   | 16666 ||| FLEEEEING.
 16667 | Lair:5   | 16667 ||| FLEEEEING.
 16668 | Lair:5   | 16668 ||| STAIRDANCE
 16772 | Lair:5   | 16772 ||| INVOKING Berserk.
 16784 | Lair:5   | 16784 ||| STAIRDANCE
 16964 | Lair:5   | 16964 ||| Stepping ~*~*~tactically~*~*~ (stealth).
 16996 | Lair:5   | 16996 ||| Stepping ~*~*~tactically~*~*~ (stealth).
 16997 | Lair:5   | 16997 ||| Stepping ~*~*~tactically~*~*~ (stealth).
 17004 | Lair:5   | Reached skill level 12 in Fighting
 17030 | Lair:5   | 17030 ||| INVOKING Berserk.
 17090 | Lair:5   | 17090 ||| INVOKING Brothers in Arms.
 17091 | Lair:5   | 17091 ||| INVOKING Brothers in Arms.
 17092 | Lair:5   | 17092 ||| INVOKING Brothers in Arms.
 17094 | Lair:5   | 17094 ||| SWAPPING to +0 morningstar.
 17095 | Lair:5   | 17095 ||| INVOKING Berserk.
 17122 | Lair:5   | 17122 ||| SWAPPING to +4 vampiric broad axe.
 17199 | Lair:5   | 17199 ||| Stepping ~*~*~tactically~*~*~ (stealth).
 17201 | Lair:5   | 17201 ||| Stepping ~*~*~tactically~*~*~ (stealth).
 17214 | Lair:5   | 17214 ||| INVOKING Berserk.
 17398 | Lair:5   | Reached skill level 13 in Fighting
 17449 | Lair:5   | 17449 ||| Stepping ~*~*~tactically~*~*~ (stealth).
 17454 | Lair:5   | 17454 ||| INVOKING Berserk.
 17778 | Lair:5   | Reached skill level 12 in Armour
 17878 | Lair:5   | Reached XP level 14. HP: 129/129 MP: 13/13
 17882 | Lair:5   | Reached skill level 6 in Dodging
 18089 | Lair:5   | 18089 ||| Stepping ~*~*~tactically~*~*~ (stealth).
 18474 | Lair:5   | 18474 ||| PLANNING D
 18604 | D:12     | 18604 ||| Stepping ~*~*~tactically~*~*~ (stealth).
 18761 | D:12     | 18761 ||| Stepping ~*~*~tactically~*~*~ (stealth).
 18765 | D:12     | 18765 ||| Stepping ~*~*~tactically~*~*~ (stealth).
 19046 | D:12     | 19046 ||| FLEEEEING.
 19047 | D:12     | 19047 ||| FLEEEEING.
 19065 | D:12     | Reached skill level 6 in Throwing
 19363 | D:12     | 19363 ||| Stepping ~*~*~tactically~*~*~ (stealth).
 19388 | D:12     | 19388 ||| Stepping ~*~*~tactically~*~*~ (hiding).
 19389 | D:12     | 19389 ||| Stepping ~*~*~tactically~*~*~ (hiding).
 19398 | D:12     | Reached ***** piety under Trog
 19818 | D:12     | 19818 ||| READING scroll labelled HYUTZAYJAZ.
 19860 | D:13     | Noticed Nessos
 19867 | D:13     | Killed Nessos
 19996 | D:13     | Found a transporter.
 19996 | D:13     | Noticed Benoasoz's ghost (journeyman TeWr)
 20004 | D:13     | 20004 ||| INVOKING Berserk.
 20008 | D:13     | Reached skill level 14 in Fighting
 20198 | D:13     | Found a transporter.
 20490 | D:13     | 20490 ||| READING scroll of enchant armour.
 20490 | D:13     | 20490 ||| ENCHANTING +0 pair of gloves.
 20528 | D:13     | 20528 ||| Stepping ~*~*~tactically~*~*~ (hiding).
 20626 | D:13     | 20626 ||| INVOKING Trog's Hand.
 20660 | D:13     | 20660 ||| Stepping ~*~*~tactically~*~*~ (hiding).
 20693 | D:13     | 20693 ||| Stepping ~*~*~tactically~*~*~ (hiding).
 20709 | D:13     | Found a gate to the Vaults.
 20806 | D:13     | Found a bloodstained altar of Trog.
 20928 | D:14     | 20928 ||| Stepping ~*~*~tactically~*~*~ (stealth).
 20935 | D:14     | 20935 ||| INVOKING Brothers in Arms.
 20959 | D:14     | 20959 ||| SWAPPING to +0 morningstar.
 20961 | D:14     | 20961 ||| INVOKING Berserk.
 20967 | D:14     | Reached skill level 15 in Fighting
 20970 | D:14     | 20970 ||| SWAPPING to +4 vampiric broad axe.
 20973 | D:14     | 20973 ||| FLEEEEING.
 20974 | D:14     | 20974 ||| FLEEEEING.
 20975 | D:14     | 20975 ||| FLEEEEING.
 20976 | D:14     | 20976 ||| FLEEEEING.
 20977 | D:14     | 20977 ||| FLEEEEING.
 20978 | D:14     | 20978 ||| FLEEEEING.
 20979 | D:14     | 20979 ||| FLEEEEING.
 20980 | D:14     | 20980 ||| FLEEEEING.
 20981 | D:14     | 20981 ||| FLEEEEING.
 20984 | D:14     | 20984 ||| FLEEEEING.
 20985 | D:14     | 20985 ||| FLEEEEING.
 20986 | D:14     | 20986 ||| FLEEEEING.
 20987 | D:14     | 20987 ||| FLEEEEING.
 20988 | D:14     | 20988 ||| FLEEEEING.
 20990 | D:14     | 20990 ||| FLEEEEING.
 20991 | D:14     | 20991 ||| FLEEEEING.
 20992 | D:14     | 20992 ||| FLEEEEING.
 20993 | D:14     | 20993 ||| FLEEEEING.
 20994 | D:14     | 20994 ||| FLEEEEING.
 20995 | D:14     | 20995 ||| FLEEEEING.
 21017 | D:14     | 21017 ||| FLEEEEING.
 21018 | D:14     | 21018 ||| FLEEEEING.
 21019 | D:14     | 21019 ||| FLEEEEING.
 21020 | D:14     | 21020 ||| FLEEEEING.
 21021 | D:14     | 21021 ||| FLEEEEING.
 21022 | D:14     | 21022 ||| FLEEEEING.
 21023 | D:14     | 21023 ||| FLEEEEING.
 21024 | D:14     | 21024 ||| FLEEEEING.
 21025 | D:14     | 21025 ||| FLEEEEING.
 21034 | D:14     | 21034 ||| STAIRDANCE
 21150 | D:14     | 21150 ||| INVOKING Brothers in Arms.
 21151 | D:14     | 21151 ||| INVOKING Berserk.
 21272 | D:14     | 21272 ||| INVOKING Berserk.
 21418 | D:14     | Noticed Kirke
 21418 | D:14     | 21418 ||| INVOKING Trog's Hand.
 21420 | D:14     | 21420 ||| Stepping ~*~*~tactically~*~*~ (stealth).
 21424 | D:14     | 21424 ||| INVOKING Berserk.
 21432 | D:14     | Killed Kirke
 21550 | D:14     | Found an iron altar of Okawaru.
 21874 | D:14     | 21874 ||| INVOKING Berserk.
 21882 | D:14     | Reached XP level 15. HP: 141/141 MP: 14/14
 22171 | D:14     | 22171 ||| INVOKING Trog's Hand.
 22382 | D:14     | 22382 ||| Stepping ~*~*~tactically~*~*~ (hiding).
 22491 | D:14     | 22491 ||| Stepping ~*~*~tactically~*~*~ (hiding).
 22774 | D:14     | 22774 ||| INVOKING Berserk.
 22781 | D:14     | 22781 ||| STAIRDANCE
 22894 | D:14     | 22894 ||| READING scroll of enchant weapon.
 22894 | D:14     | 22894 ||| ENCHANTING +4 vampiric broad axe.
 22970 | D:14     | 22970 ||| INVOKING Berserk.
 23149 | D:15     | Entered Level 15 of the Dungeon
 23327 | D:15     | Found a staircase to the Depths.
 23328 | D:15     | 23328 ||| SWAPPING to +0 morningstar.
 23329 | D:15     | 23329 ||| INVOKING Berserk.
 23340 | D:15     | Reached skill level 15 in Shields
 23348 | D:15     | 23348 ||| FLEEEEING.
 23349 | D:15     | 23349 ||| FLEEEEING.
 23350 | D:15     | 23350 ||| FLEEEEING.
 23351 | D:15     | 23351 ||| FLEEEEING.
 23352 | D:15     | 23352 ||| FLEEEEING.
 23353 | D:15     | 23353 ||| FLEEEEING.
 23354 | D:15     | 23354 ||| FLEEEEING.
 23355 | D:15     | 23355 ||| FLEEEEING.
 23356 | D:15     | 23356 ||| FLEEEEING.
 23357 | D:15     | 23357 ||| FLEEEEING.
 23358 | D:15     | 23358 ||| FLEEEEING.
 23359 | D:15     | 23359 ||| SWAPPING to +5 vampiric broad axe.
 23362 | D:15     | 23362 ||| FLEEEEING.
 23363 | D:15     | 23363 ||| FLEEEEING.
 23364 | D:15     | 23364 ||| FLEEEEING.
 23365 | D:15     | 23365 ||| FLEEEEING.
 23366 | D:15     | 23366 ||| FLEEEEING.
 23370 | D:15     | 23370 ||| FLEEEEING.
 23371 | D:15     | 23371 ||| FLEEEEING.
 23372 | D:15     | 23372 ||| FLEEEEING.
 23373 | D:15     | 23373 ||| FLEEEEING.
 23380 | D:15     | 23380 ||| STAIRDANCE
 23469 | D:15     | 23469 ||| STAIRDANCE
 23586 | D:15     | 23586 ||| SWAPPING to +0 morningstar.
 23587 | D:15     | 23587 ||| INVOKING Berserk.
 23617 | D:15     | 23617 ||| SWAPPING to +5 vampiric broad axe.
 23744 | D:15     | Found Gecuy's Book Shop.
 23764 | D:15     | 23764 ||| Stepping ~*~*~tactically~*~*~ (hiding).
 23769 | D:15     | 23769 ||| INVOKING Berserk.
 23910 | D:15     | Found Yduhuyfouf's Antique Weapon Shop.
 23921 | D:15     | 23921 ||| Stepping ~*~*~tactically~*~*~ (hiding).
 23922 | D:15     | 23922 ||| Stepping ~*~*~tactically~*~*~ (hiding).
 23923 | D:15     | 23923 ||| Stepping ~*~*~tactically~*~*~ (hiding).
 23958 | D:15     | 23958 ||| READING 3 scrolls of enchant weapon.
 23958 | D:15     | 23958 ||| ENCHANTING +5 vampiric broad axe.
 23959 | D:15     | 23959 ||| READING 2 scrolls of enchant weapon.
 23959 | D:15     | 23959 ||| ENCHANTING +6 vampiric broad axe.
 23960 | D:15     | 23960 ||| READING scroll of enchant weapon.
 23960 | D:15     | 23960 ||| ENCHANTING +7 vampiric broad axe.
 23982 | D:15     | 23982 ||| FLEEEEING.
 23983 | D:15     | 23983 ||| FLEEEEING.
 23984 | D:15     | 23984 ||| FLEEEEING.
 23985 | D:15     | 23985 ||| FLEEEEING.
 23986 | D:15     | 23986 ||| FLEEEEING.
 23987 | D:15     | 23987 ||| FLEEEEING.
 23988 | D:15     | 23988 ||| INVOKING Trog's Hand.
 24001 | D:15     | Reached skill level 16 in Fighting
 24133 | D:15     | Found Ecyjieki's Weapon Emporium.
 24351 | D:15     | 24351 ||| PLANNING ORC
 24351 | D:15     | 24351 ||| UPGRADING to +4 ring of evasion.
 24353 | D:15     | 24353 ||| DROPPING +6 ring of strength.
 24418 | Orc:1    | Entered Level 1 of the Orcish Mines
 24422 | Orc:1    | Noticed Josephine
 24423 | Orc:1    | 24423 ||| Stepping ~*~*~tactically~*~*~ (stealth).
 24427 | Orc:1    | 24427 ||| Stepping ~*~*~tactically~*~*~ (hiding).
 24428 | Orc:1    | Killed Josephine
 24433 | Orc:1    | 24433 ||| Stepping ~*~*~tactically~*~*~ (stealth).
 24434 | Orc:1    | 24434 ||| Stepping ~*~*~tactically~*~*~ (stealth).
 24439 | Orc:1    | 24439 ||| INVOKING Trog's Hand.
 24440 | Orc:1    | 24440 ||| INVOKING Berserk.
 24457 | Orc:1    | 24457 ||| Stepping ~*~*~tactically~*~*~ (stealth).
 24893 | Orc:1    | 24893 ||| Stepping ~*~*~tactically~*~*~ (hiding).
 24898 | Orc:1    | 24898 ||| Stepping ~*~*~tactically~*~*~ (hiding).
 24916 | Orc:1    | 24916 ||| INVOKING Berserk.
 25101 | Orc:2    | Entered Level 2 of the Orcish Mines
 25200 | Orc:2    | 25200 ||| INVOKING Trog's Hand.
 25204 | Orc:2    | 25204 ||| INVOKING Berserk.
 25363 | Orc:2    | 25363 ||| Stepping ~*~*~tactically~*~*~ (hiding).
 25369 | Orc:2    | 25369 ||| INVOKING Berserk.
 25527 | Orc:2    | 25527 ||| INVOKING Trog's Hand.
 25530 | Orc:2    | 25530 ||| INVOKING Berserk.
 25533 | Orc:2    | Reached skill level 15 in Armour
 25721 | Orc:2    | 25721 ||| Stepping ~*~*~tactically~*~*~ (stealth).
 25725 | Orc:2    | 25725 ||| INVOKING Berserk.
 25740 | Orc:2    | 25740 ||| INVOKING Trog's Hand.
 25741 | Orc:2    | 25741 ||| INVOKING Brothers in Arms.
 25746 | Orc:2    | Reached skill level 17 in Fighting
 25754 | Orc:2    | Found Col Xoom's Antique Armour Emporium.
 25757 | Orc:2    | Found Toat's Distillery.
 25899 | Orc:2    | Found Moipe's Jewellery Boutique.
 25901 | Orc:2    | Found Vedwol's Antique Armour Shop.
 25903 | Orc:2    | 25903 ||| BUYING glowing tower shield (240 gold).
 25903 | Orc:2    | Bought a glowing tower shield for 240 gold pieces
 25908 | Orc:2    | 25908 ||| BUYING amulet "Zaorerogg" {Spirit Drain +Blink
                  | rElec rN+} (644 gold).
 25908 | Orc:2    | Bought the amulet "Zaorerogg" {Spirit Drain +Blink rElec
                  | rN+} for 644 gold pieces
 25908 | Orc:2    | 25908 ||| BUYING ring of fire (325 gold).
 25908 | Orc:2    | Bought a ring of fire for 325 gold pieces
 25908 | Orc:2    | 25908 ||| BUYING ring of poison resistance (260 gold).
 25908 | Orc:2    | Bought a ring of poison resistance for 260 gold pieces
 25917 | Orc:2    | Found a staircase to the Elven Halls.
 25918 | Orc:2    | 25918 ||| UPGRADING to +1 tower shield of poison
                  | resistance.
 25928 | Orc:2    | 25928 ||| DROPPING +0 kite shield.
 25934 | Orc:2    | 25934 ||| BUYING potion of curing (33 gold).
 25934 | Orc:2    | Bought a potion of curing for 33 gold pieces
 25934 | Orc:2    | 25934 ||| BUYING potion of curing (33 gold).
 25934 | Orc:2    | Bought a potion of curing for 33 gold pieces
 25934 | Orc:2    | 25934 ||| BUYING potion of resistance (110 gold).
 25934 | Orc:2    | Bought a potion of resistance for 110 gold pieces
 26244 | Orc:2    | 26244 ||| DROPPING amulet of guardian spirit.
 26245 | Orc:2    | 26245 ||| UPGRADING to amulet "Zaorerogg" {Spirit Drain
                  | +Blink rElec rN+}.
 26290 | Orc:1    | Found a runed translucent gate.
 26290 | Orc:1    | Found a runed translucent gate.
 26290 | Orc:1    | Found a runed translucent gate.
 26292 | Orc:1    | Found an opulent altar of Gozag.
 26304 | Orc:1    | Noticed qw's ghost (journeyman MiBe)
 26306 | Orc:1    | Found Geofage's Assorted Antiques.
 26306 | Orc:1    | Found Apuss's Assorted Antiques.
 26377 | Orc:1    | 26377 ||| PLANNING SPIDER:1-3
 26504 | Lair:3   | 26504 ||| INVOKING Brothers in Arms.
 26508 | Lair:3   | 26508 ||| READING 8 scrolls of teleportation.
 26509 | Lair:3   | 26509 ||| Stepping randomly (stuck).
 26576 | Lair:3   | 26576 ||| INVOKING Brothers in Arms.
 26577 | Lair:3   | 26577 ||| READING 7 scrolls of teleportation.
 26649 | Lair:3   | 26649 ||| INVOKING Brothers in Arms.
 26650 | Lair:3   | 26650 ||| READING 6 scrolls of teleportation.
 26658 | Lair:3   | 26658 ||| READING 5 scrolls of teleportation.
 26678 | Lair:3   | 26678 ||| INVOKING Brothers in Arms.
 26679 | Lair:3   | 26679 ||| READING 4 scrolls of teleportation.
 26681 | Lair:3   | 26681 ||| FLEEEEING.
 26682 | Lair:3   | 26682 ||| FLEEEEING.
 26683 | Lair:3   | 26683 ||| FLEEEEING.
 26719 | Lair:3   | 26719 ||| INVOKING Brothers in Arms.
 26720 | Lair:3   | 26720 ||| INVOKING Brothers in Arms.
 26721 | Lair:3   | 26721 ||| INVOKING Brothers in Arms.
 26731 | Spider:1 | Entered Level 1 of the Spider Nest
 26745 | Spider:1 | 26745 ||| INVOKING Brothers in Arms.
 26752 | Spider:1 | 26752 ||| Stepping ~*~*~tactically~*~*~ (hiding).
 26778 | Spider:1 | Noticed Roxanne
 26783 | Spider:1 | 26783 ||| INVOKING Berserk.
 26794 | Spider:1 | Killed Roxanne
 26806 | Spider:1 | Reached XP level 16. HP: 124/155 MP: 6/15
 26807 | Spider:1 | 26807 ||| DRINKING 12 potions of curing.
 26807 | Spider:1 | 26807 ||| (to cure confusion)
 26858 | Spider:1 | Found a transporter.
 26864 | Spider:1 | 26864 ||| READING scroll of enchant weapon.
 26864 | Spider:1 | 26864 ||| ENCHANTING +8 vampiric broad axe.
 26865 | Spider:1 | Noticed qw's ghost (journeyman MiBe)
 26868 | Spider:1 | Found a transporter.
 26953 | Spider:1 | 26953 ||| Stepping ~*~*~tactically~*~*~ (stealth).
 26955 | Spider:1 | Noticed Jorgrun
 26959 | Spider:1 | 26959 ||| INVOKING Berserk.
 26965 | Spider:1 | Killed Jorgrun
 27013 | Spider:1 | Noticed Asterion
 27014 | Spider:1 | 27014 ||| Stepping ~*~*~tactically~*~*~ (stealth).
 27020 | Spider:1 | 27020 ||| INVOKING Berserk.
 27033 | Spider:1 | Killed Asterion
 27128 | Spider:1 | 27128 ||| DROPPING +0 morningstar.
 27136 | Spider:1 | 27136 ||| READING scroll of enchant armour.
 27136 | Spider:1 | 27136 ||| ENCHANTING +1 pair of gloves.
 27183 | Spider:1 | You fall into a shaft and drop 1 floor!
 27184 | Spider:2 | 27184 ||| INVOKING Brothers in Arms.
 27185 | Spider:2 | 27185 ||| INVOKING Brothers in Arms.
 27186 | Spider:2 | 27186 ||| INVOKING Brothers in Arms.
 27187 | Spider:2 | 27187 ||| INVOKING Brothers in Arms.
 27188 | Spider:2 | 27188 ||| INVOKING Brothers in Arms.
 27189 | Spider:2 | 27189 ||| INVOKING Brothers in Arms.
 27190 | Spider:2 | 27190 ||| INVOKING Brothers in Arms.
 27191 | Spider:2 | 27191 ||| INVOKING Brothers in Arms.
 27197 | Spider:2 | 27197 ||| INVOKING Berserk.
 27265 | Spider:2 | 27265 ||| Stepping ~*~*~tactically~*~*~ (stealth).
 27411 | Spider:2 | 27411 ||| Stepping ~*~*~tactically~*~*~ (stealth).
 27485 | Spider:2 | 27485 ||| Stepping ~*~*~tactically~*~*~ (hiding).
 27489 | Spider:2 | 27489 ||| INVOKING Brothers in Arms.
 27490 | Spider:2 | 27490 ||| INVOKING Brothers in Arms.
 27491 | Spider:2 | 27491 ||| INVOKING Brothers in Arms.
 27685 | Spider:1 | 27685 ||| Stepping ~*~*~tactically~*~*~ (stealth).
 27687 | Spider:1 | 27687 ||| Stepping ~*~*~tactically~*~*~ (stealth).
 27732 | Spider:1 | 27732 ||| Stepping ~*~*~tactically~*~*~ (stealth).
 27746 | Spider:1 | Reached skill level 18 in Shields
 27902 | Spider:1 | 27902 ||| Stepping ~*~*~tactically~*~*~ (stealth).
 28083 | Spider:2 | 28083 ||| INVOKING Berserk.
 28288 | Spider:2 | 28288 ||| INVOKING Berserk.
 28543 | Spider:2 | 28543 ||| INVOKING Berserk.
 28729 | Spider:2 | 28729 ||| Stepping ~*~*~tactically~*~*~ (stealth).
 28731 | Spider:2 | 28731 ||| Stepping ~*~*~tactically~*~*~ (hiding).
 28732 | Spider:2 | 28732 ||| INVOKING Berserk.
 28880 | Spider:2 | 28880 ||| Stepping ~*~*~tactically~*~*~ (stealth).
 29003 | Spider:2 | 29003 ||| Stepping ~*~*~tactically~*~*~ (stealth).
 29014 | Spider:2 | 29014 ||| Stepping ~*~*~tactically~*~*~ (stealth).
 29034 | Spider:2 | 29034 ||| Stepping ~*~*~tactically~*~*~ (stealth).
 29039 | Spider:2 | 29039 ||| Stepping ~*~*~tactically~*~*~ (stealth).
 29043 | Spider:2 | 29043 ||| Stepping ~*~*~tactically~*~*~ (stealth).
 29047 | Spider:2 | 29047 ||| Stepping ~*~*~tactically~*~*~ (stealth).
 29049 | Spider:2 | 29049 ||| INVOKING Berserk.
 29232 | Spider:2 | 29232 ||| Stepping ~*~*~tactically~*~*~ (stealth).
 29233 | Spider:2 | 29233 ||| Stepping ~*~*~tactically~*~*~ (stealth).
 29239 | Spider:2 | 29239 ||| INVOKING Brothers in Arms.
 29240 | Spider:2 | 29240 ||| INVOKING Brothers in Arms.
 29241 | Spider:2 | 29241 ||| INVOKING Brothers in Arms.
 29242 | Spider:2 | 29242 ||| INVOKING Brothers in Arms.
 29661 | Spider:3 | 29661 ||| INVOKING Berserk.
 29803 | Spider:3 | 29803 ||| INVOKING Berserk.
 29992 | Spider:3 | 29992 ||| Stepping ~*~*~tactically~*~*~ (hiding).
 30037 | Spider:3 | 30037 ||| READING scroll of enchant armour.
 30037 | Spider:3 | 30037 ||| ENCHANTING +1 pair of boots.
 30066 | Spider:3 | 30066 ||| INVOKING Berserk.
 30241 | Spider:3 | 30241 ||| Stepping ~*~*~tactically~*~*~ (stealth).
 30256 | Spider:3 | 30256 ||| Stepping ~*~*~tactically~*~*~ (stealth).
 30258 | Spider:3 | 30258 ||| Stepping ~*~*~tactically~*~*~ (stealth).
 30260 | Spider:3 | 30260 ||| Stepping ~*~*~tactically~*~*~ (hiding).
 30261 | Spider:3 | 30261 ||| Stepping ~*~*~tactically~*~*~ (hiding).
 30280 | Spider:3 | 30280 ||| INVOKING Berserk.
 30405 | Spider:3 | 30405 ||| INVOKING Berserk.
 30622 | Spider:3 | 30622 ||| FLEEEEING.
 30623 | Spider:3 | 30623 ||| FLEEEEING.
 30624 | Spider:3 | 30624 ||| FLEEEEING.
 30627 | Spider:3 | 30627 ||| FLEEEEING.
 30628 | Spider:3 | 30628 ||| FLEEEEING.
 30629 | Spider:3 | 30629 ||| FLEEEEING.
 30630 | Spider:3 | 30630 ||| STAIRDANCE
 30632 | Spider:2 | 30632 ||| READING scroll labelled IPEXIDDUNN.
 30757 | Spider:3 | 30757 ||| PLANNING SHOALS:1-3
 30909 | Shoals:1 | Entered Level 1 of the Shoals
 31090 | Shoals:1 | Identified the +1 scale mail of Anaesthesia {Int+4 Dex+4}
 31091 | Shoals:1 | Found Weuxuley's Island Escapes.
 31198 | Shoals:1 | 31198 ||| INVOKING Berserk.
 31546 | Shoals:2 | Found Bapelule's Antique Armour Shop.
 31546 | Shoals:2 | Noticed Polyphemus
 31547 | Shoals:2 | 31547 ||| Stepping ~*~*~tactically~*~*~ (cloud).
 31552 | Shoals:2 | 31552 ||| INVOKING Berserk.
 31568 | Shoals:2 | Reached XP level 17. HP: 149/161 MP: 11/16
 31570 | Shoals:2 | 31570 ||| Stepping ~*~*~tactically~*~*~ (cloud).
 31574 | Shoals:2 | 31574 ||| Stepping ~*~*~tactically~*~*~ (water).
 31577 | Shoals:2 | Killed Polyphemus
 31640 | Shoals:2 | 31640 ||| BUYING pair of glowing gloves (172 gold).
 31640 | Shoals:2 | Bought a pair of glowing gloves for 172 gold pieces
 31643 | Shoals:2 | 31643 ||| Stepping ~*~*~tactically~*~*~ (hiding).
 31813 | Shoals:2 | 31813 ||| Stepping ~*~*~tactically~*~*~ (hiding).
 31814 | Shoals:2 | 31814 ||| Stepping ~*~*~tactically~*~*~ (hiding).
 31976 | Shoals:2 | 31976 ||| INVOKING Brothers in Arms.
 31977 | Shoals:2 | 31977 ||| INVOKING Brothers in Arms.
 31984 | Shoals:2 | 31984 ||| Stepping ~*~*~tactically~*~*~ (hiding).
 31988 | Shoals:2 | 31988 ||| INVOKING Berserk.
 32287 | Shoals:2 | 32287 ||| INVOKING Berserk.
 32318 | Shoals:2 | HP: 32/163 [merfolk/+2 trident of venom (11)]
 32319 | Shoals:2 | 32319 ||| READING 5 scrolls of teleportation.
 32320 | Shoals:2 | 32320 ||| DRINKING 5 potions of heal wounds.
 32621 | Shoals:2 | 32621 ||| Stepping ~*~*~tactically~*~*~ (hiding).
 32831 | Shoals:2 | Noticed a kraken
 32832 | Shoals:2 | 32832 ||| DROPPING +2 pair of gloves of hurling.
 32840 | Shoals:2 | Killed a kraken
 32884 | Shoals:3 | 32884 ||| INVOKING Berserk.
 32892 | Shoals:3 | Reached skill level 18 in Fighting
 33235 | Shoals:3 | 33235 ||| Stepping ~*~*~tactically~*~*~ (water).
 33236 | Shoals:3 | 33236 ||| INVOKING Berserk.
 33609 | Shoals:3 | 33609 ||| UPGRADING to amulet of reflection.
 33619 | Shoals:3 | 33619 ||| DROPPING amulet of the acrobat.
 33620 | Shoals:3 | 33620 ||| DROPPING amulet "Zaorerogg" {Spirit Drain +Blink
                  | rElec rN+}.
 33742 | Shoals:2 | Noticed a kraken
 33742 | Shoals:2 | Found the +12 glaive of Prune {vorpal}
 33742 | Shoals:2 | Found a runed translucent door.
 33747 | Shoals:2 | 33747 ||| INVOKING Brothers in Arms.
 33748 | Shoals:2 | 33748 ||| INVOKING Brothers in Arms.
 33749 | Shoals:2 | 33749 ||| INVOKING Trog's Hand.
 33750 | Shoals:2 | 33750 ||| INVOKING Berserk.
 33754 | Shoals:2 | Noticed a kraken
 33756 | Shoals:2 | Noticed a kraken
 33898 | Shoals:2 | Identified the +2 arbalest of Woe {elec, rC- MP-9 Dex+8
                  | Stlth+}
 33899 | Shoals:2 | 33899 ||| DROPPING scarf of invisibility.
 33900 | Shoals:2 | 33900 ||| READING 9 scrolls of teleportation.
 33903 | Shoals:2 | 33903 ||| PLANNING SPIDER:4
 34115 | Spider:4 | Entered Level 4 of the Spider Nest
 34121 | Spider:4 | 34121 ||| STAIRDANCE
 34128 | Spider:4 | 34128 ||| STAIRDANCE
 34130 | Spider:3 | 34130 ||| INVOKING Berserk.
 34295 | Spider:4 | 34295 ||| Stepping ~*~*~tactically~*~*~ (hiding).
 34333 | Spider:4 | 34333 ||| INVOKING Brothers in Arms.
 34336 | Spider:4 | 34336 ||| INVOKING Berserk.
 34447 | Spider:4 | Noticed Nikola
 34448 | Spider:4 | 34448 ||| Stepping ~*~*~tactically~*~*~ (hiding).
 34453 | Spider:4 | 34453 ||| INVOKING Brothers in Arms.
 34456 | Spider:4 | 34456 ||| INVOKING Berserk.
 34466 | Spider:4 | Killed Nikola
 34467 | Spider:4 | Reached skill level 9 in Throwing
 34597 | Spider:4 | 34597 ||| INVOKING Brothers in Arms.
 34616 | Spider:4 | 34616 ||| INVOKING Brothers in Arms.
 34641 | Spider:4 | 34641 ||| Stepping ~*~*~tactically~*~*~ (water).
 34697 | Spider:4 | Reached skill level 19 in Fighting
 34698 | Spider:4 | 34698 ||| Stepping ~*~*~tactically~*~*~ (stealth).
 34717 | Spider:4 | 34717 ||| INVOKING Berserk.
 34813 | Spider:4 | 34813 ||| Stepping ~*~*~tactically~*~*~ (stealth).
 35209 | Spider:4 | 35209 ||| Stepping ~*~*~tactically~*~*~ (stealth).
 35264 | Spider:4 | 35264 ||| INVOKING Brothers in Arms.
 35265 | Spider:4 | 35265 ||| INVOKING Brothers in Arms.
 35405 | Spider:4 | 35405 ||| Stepping ~*~*~tactically~*~*~ (stealth).
 35479 | Spider:4 | 35479 ||| INVOKING Berserk.
 35499 | Spider:4 | Reached skill level 18 in Armour
 35508 | Spider:4 | 35508 ||| INVOKING Brothers in Arms.
 35509 | Spider:4 | 35509 ||| INVOKING Brothers in Arms.
 35555 | Spider:4 | 35555 ||| Stepping ~*~*~tactically~*~*~ (stealth).
 35582 | Spider:4 | Identified the +1 hat "Isya" {-Tele rC+ Int+3}
 35595 | Spider:4 | Got a gossamer rune of Zot
 35628 | Spider:4 | 35628 ||| PLANNING VAULTS:1-4
 35628 | Spider:4 | 35628 ||| DROPPING scarf of invisibility.
 35629 | Spider:4 | 35629 ||| DROPPING scarf of shadows.
 35630 | Spider:4 | 35630 ||| DROPPING ring of flight.
 35912 | Vaults:1 | Entered Level 1 of the Vaults
 35929 | Vaults:1 | 35929 ||| Stepping ~*~*~tactically~*~*~ (hiding).
 35940 | Vaults:1 | 35940 ||| DRINKING 7 potions of resistance.
 35950 | Vaults:1 | Reached XP level 18. HP: 149/176 MP: 17/17
 36030 | Vaults:1 | 36030 ||| DROPPING +1 vampiric demon whip.
 36036 | Vaults:1 | 36036 ||| INVOKING Brothers in Arms.
 36039 | Vaults:1 | 36039 ||| INVOKING Berserk.
 36161 | Vaults:1 | 36161 ||| DRINKING 6 potions of resistance.
 36177 | Vaults:1 | Reached skill level 9 in Dodging
 36201 | Vaults:1 | 36201 ||| Stepping ~*~*~tactically~*~*~ (hiding).
 36216 | Vaults:1 | 36216 ||| INVOKING Berserk.
 36408 | Vaults:1 | 36408 ||| Stepping ~*~*~tactically~*~*~ (hiding).
 36411 | Vaults:1 | 36411 ||| INVOKING Brothers in Arms.
 36416 | Vaults:1 | 36416 ||| INVOKING Berserk.
 36653 | Vaults:1 | 36653 ||| Stepping ~*~*~tactically~*~*~ (hiding).
 36656 | Vaults:1 | 36656 ||| INVOKING Trog's Hand.
 36699 | Vaults:1 | 36699 ||| Stepping ~*~*~tactically~*~*~ (hiding).
 36704 | Vaults:1 | 36704 ||| INVOKING Berserk.
 36839 | Vaults:1 | 36839 ||| Stepping ~*~*~tactically~*~*~ (stealth).
 36870 | Vaults:1 | 36870 ||| INVOKING Trog's Hand.
 36915 | Vaults:1 | Found Jahoebb's Armour Shoppe.
 36921 | Vaults:1 | 36921 ||| DRINKING potion of experience.
 36921 | Vaults:1 | Reached skill level 20 in Fighting
 36921 | Vaults:1 | Reached XP level 19. HP: 187/187 MP: 18/18
 37293 | Vaults:2 | 37293 ||| FLEEEEING.
 37294 | Vaults:2 | 37294 ||| FLEEEEING.
 37298 | Vaults:2 | 37298 ||| INVOKING Berserk.
 37313 | Vaults:2 | 37313 ||| STAIRDANCE
 37438 | Vaults:2 | 37438 ||| INVOKING Berserk.
 37446 | Vaults:2 | 37446 ||| INVOKING Trog's Hand.
 37459 | Vaults:2 | 37459 ||| INVOKING Trog's Hand.
 37521 | Vaults:2 | 37521 ||| Stepping ~*~*~tactically~*~*~ (hiding).
 37523 | Vaults:2 | 37523 ||| Stepping ~*~*~tactically~*~*~ (hiding).
 37528 | Vaults:2 | 37528 ||| DRINKING 5 potions of resistance.
 37535 | Vaults:2 | 37535 ||| Stepping ~*~*~tactically~*~*~ (hiding).
 37567 | Vaults:2 | 37567 ||| Stepping ~*~*~tactically~*~*~ (hiding).
 37583 | Vaults:2 | 37583 ||| Stepping ~*~*~tactically~*~*~ (stealth).
 37586 | Vaults:2 | 37586 ||| Stepping ~*~*~tactically~*~*~ (hiding).
 37625 | Vaults:2 | 37625 ||| Stepping ~*~*~tactically~*~*~ (stealth).
 37627 | Vaults:2 | 37627 ||| Stepping ~*~*~tactically~*~*~ (hiding).
 37647 | Vaults:2 | 37647 ||| Stepping ~*~*~tactically~*~*~ (stealth).
 37651 | Vaults:2 | 37651 ||| Stepping ~*~*~tactically~*~*~ (stealth).
 37655 | Vaults:2 | 37655 ||| DRINKING 4 potions of resistance.
 37674 | Vaults:2 | 37674 ||| READING scroll of enchant armour.
 37674 | Vaults:2 | 37674 ||| ENCHANTING +3 plate armour of willpower.
 37677 | Vaults:2 | 37677 ||| Stepping ~*~*~tactically~*~*~ (stealth).
 37682 | Vaults:2 | 37682 ||| Stepping ~*~*~tactically~*~*~ (stealth).
 37685 | Vaults:2 | 37685 ||| Stepping ~*~*~tactically~*~*~ (stealth).
 37695 | Vaults:2 | 37695 ||| Stepping ~*~*~tactically~*~*~ (stealth).
 37703 | Vaults:2 | 37703 ||| Stepping ~*~*~tactically~*~*~ (hiding).
 37704 | Vaults:2 | 37704 ||| Stepping ~*~*~tactically~*~*~ (hiding).
 37705 | Vaults:2 | 37705 ||| Stepping ~*~*~tactically~*~*~ (hiding).
 37830 | Vaults:2 | 37830 ||| Stepping ~*~*~tactically~*~*~ (stealth).
 37842 | Vaults:2 | Reached skill level 21 in Shields
 37897 | Vaults:2 | 37897 ||| Stepping ~*~*~tactically~*~*~ (hiding).
 38157 | Vaults:2 | 38157 ||| INVOKING Trog's Hand.
 38192 | Vaults:2 | 38192 ||| Stepping ~*~*~tactically~*~*~ (stealth).
 38194 | Vaults:2 | 38194 ||| Stepping ~*~*~tactically~*~*~ (stealth).
 38271 | Vaults:2 | 38271 ||| INVOKING Trog's Hand.
 38272 | Vaults:2 | 38272 ||| Stepping ~*~*~tactically~*~*~ (hiding).
 38387 | Vaults:2 | 38387 ||| INVOKING Trog's Hand.
 38394 | Vaults:2 | 38394 ||| INVOKING Berserk.
 38537 | Vaults:2 | 38537 ||| Stepping ~*~*~tactically~*~*~ (hiding).
 38539 | Vaults:2 | 38539 ||| DRINKING 3 potions of resistance.
 38588 | Vaults:2 | 38588 ||| Stepping ~*~*~tactically~*~*~ (hiding).
 38591 | Vaults:2 | 38591 ||| Stepping ~*~*~tactically~*~*~ (hiding).
 38593 | Vaults:2 | 38593 ||| INVOKING Trog's Hand.
 38609 | Vaults:2 | Reached skill level 21 in Fighting
 38619 | Vaults:2 | 38619 ||| Stepping ~*~*~tactically~*~*~ (hiding).
 38645 | Vaults:2 | 38645 ||| READING scroll labelled YGENEM JASKIU.
 38646 | Vaults:2 | 38646 ||| READING 9 scrolls of teleportation.
 38649 | Vaults:2 | 38649 ||| FLEEEEING.
 38650 | Vaults:2 | 38650 ||| FLEEEEING.
 38734 | Vaults:2 | 38734 ||| Stepping ~*~*~tactically~*~*~ (stealth).
 38754 | Vaults:2 | 38754 ||| INVOKING Trog's Hand.
 38757 | Vaults:2 | 38757 ||| INVOKING Brothers in Arms.
 38764 | Vaults:2 | 38764 ||| INVOKING Berserk.
 38799 | Vaults:2 | 38799 ||| FLEEEEING.
 38800 | Vaults:2 | 38800 ||| FLEEEEING.
 38801 | Vaults:2 | 38801 ||| FLEEEEING.
 38802 | Vaults:2 | 38802 ||| STAIRDANCE
 38906 | Vaults:2 | 38906 ||| STAIRDANCE
 39011 | Vaults:2 | 39011 ||| INVOKING Brothers in Arms.
 39014 | Vaults:2 | 39014 ||| INVOKING Berserk.
 39180 | Vaults:3 | 39180 ||| INVOKING Brothers in Arms.
 39181 | Vaults:3 | 39181 ||| INVOKING Berserk.
 39345 | Vaults:3 | 39345 ||| INVOKING Trog's Hand.
 39353 | Vaults:3 | 39353 ||| INVOKING Trog's Hand.
 39407 | Vaults:3 | Found Plog's Jewellery Shop.
 39415 | Vaults:3 | 39415 ||| BUYING ring of Thoughtfulness {rPois rF+ SInv}
                  | (630 gold).
 39415 | Vaults:3 | Bought the ring of Thoughtfulness {rPois rF+ SInv} for 630
                  | gold pieces
 39465 | Vaults:3 | Found a staircase to the Crypt.
 39466 | Vaults:3 | 39466 ||| Stepping ~*~*~tactically~*~*~ (stealth).
 39477 | Vaults:3 | 39477 ||| INVOKING Berserk.
 39479 | Vaults:3 | Reached XP level 20. HP: 123/198 MP: 19/19
 39820 | Vaults:3 | 39820 ||| Stepping ~*~*~tactically~*~*~ (stealth).
 39823 | Vaults:3 | 39823 ||| Stepping ~*~*~tactically~*~*~ (stealth).
 39858 | Vaults:3 | 39858 ||| Stepping ~*~*~tactically~*~*~ (stealth).
 39863 | Vaults:3 | 39863 ||| Stepping ~*~*~tactically~*~*~ (hiding).
 39876 | Vaults:3 | 39876 ||| INVOKING Berserk.
 39891 | Vaults:3 | 39891 ||| INVOKING Trog's Hand.
 39911 | Vaults:3 | 39911 ||| INVOKING Trog's Hand.
 40096 | Vaults:3 | 40096 ||| UPGRADING to ring of Thoughtfulness {rPois rF+
                  | SInv}.
 40098 | Vaults:3 | 40098 ||| READING 8 scrolls of teleportation.
 40151 | Vaults:3 | 40151 ||| INVOKING Trog's Hand.
 40173 | Vaults:3 | 40173 ||| INVOKING Trog's Hand.
 40201 | Vaults:3 | 40201 ||| Stepping ~*~*~tactically~*~*~ (hiding).
 40300 | Vaults:3 | 40300 ||| Stepping ~*~*~tactically~*~*~ (hiding).
 40397 | Vaults:3 | 40397 ||| Stepping ~*~*~tactically~*~*~ (hiding).
 40407 | Vaults:3 | Reached skill level 22 in Fighting
 41091 | Vaults:4 | 41091 ||| Stepping ~*~*~tactically~*~*~ (stealth).
 41093 | Vaults:4 | 41093 ||| Stepping ~*~*~tactically~*~*~ (hiding).
 41107 | Vaults:4 | 41107 ||| Stepping ~*~*~tactically~*~*~ (hiding).
 41141 | Vaults:4 | 41141 ||| Stepping ~*~*~tactically~*~*~ (stealth).
 41143 | Vaults:4 | 41143 ||| Stepping ~*~*~tactically~*~*~ (stealth).
 41279 | Vaults:4 | 41279 ||| INVOKING Trog's Hand.
 41280 | Vaults:4 | 41280 ||| Stepping ~*~*~tactically~*~*~ (hiding).
 41287 | Vaults:4 | 41287 ||| Stepping ~*~*~tactically~*~*~ (hiding).
 41288 | Vaults:4 | 41288 ||| Stepping ~*~*~tactically~*~*~ (hiding).
 41292 | Vaults:4 | 41292 ||| Stepping ~*~*~tactically~*~*~ (hiding).
 41293 | Vaults:4 | 41293 ||| Stepping ~*~*~tactically~*~*~ (hiding).
 41294 | Vaults:4 | 41294 ||| Stepping ~*~*~tactically~*~*~ (hiding).
 41295 | Vaults:4 | 41295 ||| Stepping ~*~*~tactically~*~*~ (hiding).
 41296 | Vaults:4 | 41296 ||| Stepping ~*~*~tactically~*~*~ (hiding).
 41304 | Vaults:4 | Noticed Jory
 41306 | Vaults:4 | 41306 ||| INVOKING Trog's Hand.
 41328 | Vaults:4 | Killed Jory
 41537 | Vaults:4 | 41537 ||| INVOKING Trog's Hand.
 41548 | Vaults:4 | Reached skill level 21 in Armour
 41555 | Vaults:4 | 41555 ||| READING scroll of acquirement.
 41555 | Vaults:4 | 41555 ||| ACQUIRING +8 tower shield of Responsibility
                  | {rElec Int+4}
 41555 | Vaults:4 | Acquired the +8 tower shield of Responsibility {rElec
                  | Int+4}
 41557 | Vaults:4 | 41557 ||| UPGRADING to +8 tower shield of Responsibility
                  | {rElec Int+4}.
 41567 | Vaults:4 | 41567 ||| DROPPING +1 tower shield of poison resistance.
 41588 | Vaults:4 | Noticed Mara
 41589 | Vaults:4 | 41589 ||| INVOKING Brothers in Arms.
 41591 | Vaults:4 | Noticed qw's illusion
 41591 | Vaults:4 | 41591 ||| INVOKING Berserk.
 41606 | Vaults:4 | Killed Mara
 41765 | Vaults:4 | Noticed Boris
 41766 | Vaults:4 | 41766 ||| Stepping ~*~*~tactically~*~*~ (hiding).
 41768 | Vaults:4 | 41768 ||| Stepping ~*~*~tactically~*~*~ (hiding).
 41770 | Vaults:4 | 41770 ||| Stepping ~*~*~tactically~*~*~ (hiding).
 41773 | Vaults:4 | 41773 ||| INVOKING Berserk.
 41779 | Vaults:4 | Killed Boris
 41982 | Vaults:4 | 41982 ||| Stepping ~*~*~tactically~*~*~ (hiding).
 42070 | Vaults:4 | 42070 ||| Stepping ~*~*~tactically~*~*~ (hiding).
 42071 | Vaults:4 | 42071 ||| Stepping ~*~*~tactically~*~*~ (hiding).
 42078 | Vaults:4 | 42078 ||| Stepping ~*~*~tactically~*~*~ (hiding).
 42083 | Vaults:4 | 42083 ||| Stepping ~*~*~tactically~*~*~ (hiding).
 42117 | Vaults:4 | 42117 ||| Stepping ~*~*~tactically~*~*~ (stealth).
 42120 | Vaults:4 | 42120 ||| Stepping ~*~*~tactically~*~*~ (stealth).
 42253 | Vaults:4 | 42253 ||| Stepping ~*~*~tactically~*~*~ (stealth).
 42255 | Vaults:4 | 42255 ||| Stepping ~*~*~tactically~*~*~ (stealth).
 42326 | Vaults:4 | Found Saczahea's Antique Armour Shop.
 42334 | Vaults:4 | 42334 ||| BUYING runed scarf (192 gold).
 42334 | Vaults:4 | Bought a runed scarf for 192 gold pieces
 42334 | Vaults:4 | 42334 ||| SHOPLISTING shiny plate armour (624 gold, have
                  | 545).
 42334 | Vaults:4 | 42334 ||| DROPPING +2 pair of gloves.
 42335 | Vaults:4 | 42335 ||| DROPPING scarf of harm.
 42439 | Vaults:4 | 42439 ||| Stepping ~*~*~tactically~*~*~ (hiding).
 42735 | Vaults:4 | Reached skill level 23 in Fighting
 42777 | Vaults:4 | 42777 ||| FLEEEEING.
 42778 | Vaults:4 | 42778 ||| FLEEEEING.
 42784 | Vaults:4 | 42784 ||| FLEEEEING.
 42785 | Vaults:4 | 42785 ||| FLEEEEING.
 42786 | Vaults:4 | 42786 ||| FLEEEEING.
 42798 | Vaults:4 | 42798 ||| FLEEEEING.
 42799 | Vaults:4 | 42799 ||| FLEEEEING.
 42800 | Vaults:4 | 42800 ||| FLEEEEING.
 42801 | Vaults:4 | 42801 ||| FLEEEEING.
 42802 | Vaults:4 | 42802 ||| FLEEEEING.
 42806 | Vaults:4 | 42806 ||| FLEEEEING.
 42864 | Vaults:4 | 42864 ||| READING 8 scrolls of teleportation.
 43040 | Vaults:4 | Reached XP level 21. HP: 211/211 MP: 20/20
 43044 | Vaults:4 | Identified the +6 chain mail of Weirdness {Will+++ Int-3
                  | Dex+3}
 43230 | Vaults:4 | 43230 ||| PLANNING SHOALS:4
 43230 | Vaults:4 | 43230 ||| UPGRADING to +6 chain mail of Weirdness {Will+++
                  | Int-3 Dex+3}.
 43590 | Shoals:4 | Entered Level 4 of the Shoals
 43663 | Shoals:4 | 43663 ||| Stepping ~*~*~tactically~*~*~ (hiding).
 43665 | Shoals:4 | 43665 ||| INVOKING Brothers in Arms.
 43665 | Shoals:4 | Paralysed by an air elemental for 1 turns
 43666 | Shoals:4 | 43666 ||| INVOKING Brothers in Arms.
 43669 | Shoals:4 | 43669 ||| INVOKING Berserk.
 43673 | Shoals:4 | Paralysed by an air elemental for 1 turns
 43678 | Shoals:4 | Received a gift from Trog
 43696 | Shoals:4 | 43696 ||| INVOKING Brothers in Arms.
 43982 | Shoals:4 | Paralysed by an air elemental for 1 turns
 44005 | Shoals:4 | Identified the ring of Mibban {Fire rElec}
 44099 | Shoals:4 | 44099 ||| INVOKING Berserk.
 44121 | Shoals:4 | 44121 ||| INVOKING Brothers in Arms.
 44123 | Shoals:4 | 44123 ||| Stepping ~*~*~tactically~*~*~ (water).
 44129 | Shoals:4 | 44129 ||| INVOKING Brothers in Arms.
 44129 | Shoals:4 | HP: 38/211 [merfolk aquamancer/shard of ice (29)]
 44130 | Shoals:4 | 44130 ||| READING 7 scrolls of teleportation.
 44131 | Shoals:4 | 44131 ||| DRINKING 5 potions of heal wounds.
 44132 | Shoals:4 | 44132 ||| READING 6 scrolls of teleportation.
 44132 | Shoals:4 | Paralysed by an air elemental for 1 turns
 44133 | Shoals:4 | 44133 ||| DRINKING 4 potions of heal wounds.
 44137 | Shoals:4 | 44137 ||| INVOKING Brothers in Arms.
 44142 | Shoals:4 | 44142 ||| INVOKING Trog's Hand.
 44143 | Shoals:4 | HP: 34/211 [water nymph/the raging water (33)]
 44144 | Shoals:4 | 44144 ||| READING 5 scrolls of teleportation.
 44145 | Shoals:4 | 44145 ||| DRINKING 3 potions of heal wounds.
 44147 | Shoals:4 | 44147 ||| DRINKING 2 potions of heal wounds.
 44205 | Shoals:4 | Paralysed by an air elemental for 1 turns
 44249 | Shoals:4 | 44249 ||| Stepping ~*~*~tactically~*~*~ (stealth).
 44269 | Shoals:4 | 44269 ||| INVOKING Berserk.
 44455 | Shoals:4 | 44455 ||| Stepping ~*~*~tactically~*~*~ (stealth).
 44464 | Shoals:4 | 44464 ||| Stepping ~*~*~tactically~*~*~ (hiding).
 44466 | Shoals:4 | 44466 ||| Stepping ~*~*~tactically~*~*~ (hiding).
 44490 | Shoals:4 | 44490 ||| Stepping ~*~*~tactically~*~*~ (stealth).
 44492 | Shoals:4 | 44492 ||| Stepping ~*~*~tactically~*~*~ (hiding).
 44492 | Shoals:4 | Identified the ring of the Gloaming {Ice Int+3}
 44543 | Shoals:4 | Got a barnacled rune of Zot
 44619 | Shoals:4 | 44619 ||| Stepping ~*~*~tactically~*~*~ (hiding).
 44792 | Shoals:4 | 44792 ||| INVOKING Berserk.
 44990 | Shoals:4 | 44990 ||| Stepping ~*~*~tactically~*~*~ (stealth).
 44992 | Shoals:4 | 44992 ||| Stepping ~*~*~tactically~*~*~ (hiding).
 44997 | Shoals:4 | 44997 ||| INVOKING Trog's Hand.
 45020 | Shoals:4 | 45020 ||| PLANNING DEPTHS
 45020 | Shoals:4 | 45020 ||| DROPPING ring of fire.
 45021 | Shoals:4 | 45021 ||| DROPPING ring of poison resistance.
 45022 | Shoals:4 | 45022 ||| DROPPING ring of see invisible.
 45332 | Depths:1 | Entered Level 1 of the Depths
 45383 | Depths:1 | Found a gateway to Hell.
 45414 | Depths:1 | 45414 ||| INVOKING Berserk.
 45503 | Depths:1 | 45503 ||| READING 4 scrolls of teleportation.
 45539 | Depths:1 | Reached skill level 12 in Dodging
 45539 | Depths:1 | Noticed qw's ghost (veteran GrBe)
 45574 | Depths:1 | 45574 ||| Stepping ~*~*~tactically~*~*~ (hiding).
 45575 | Depths:1 | 45575 ||| INVOKING Trog's Hand.
 45579 | Depths:1 | 45579 ||| INVOKING Berserk.
 45698 | Depths:1 | 45698 ||| Stepping ~*~*~tactically~*~*~ (hiding).
 45789 | Depths:1 | 45789 ||| Stepping ~*~*~tactically~*~*~ (hiding).
 45790 | Depths:1 | 45790 ||| Stepping ~*~*~tactically~*~*~ (hiding).
 45791 | Depths:1 | 45791 ||| Stepping ~*~*~tactically~*~*~ (hiding).
 45797 | Depths:1 | 45797 ||| INVOKING Berserk.
 45848 | Depths:1 | 45848 ||| INVOKING Trog's Hand.
 46063 | Depths:1 | 46063 ||| Stepping ~*~*~tactically~*~*~ (hiding).
 46182 | Depths:1 | 46182 ||| READING 3 scrolls of teleportation.
 46196 | Depths:1 | 46196 ||| Stepping ~*~*~tactically~*~*~ (stealth).
 46210 | Depths:1 | 46210 ||| Stepping ~*~*~tactically~*~*~ (hiding).
 46298 | Depths:1 | Found a runed translucent gate.
 46298 | Depths:1 | Found a runed translucent gate.
 46298 | Depths:1 | Found a runed translucent gate.
 46304 | Depths:1 | 46304 ||| Stepping ~*~*~tactically~*~*~ (stealth).
 46306 | Depths:1 | 46306 ||| Stepping ~*~*~tactically~*~*~ (hiding).
 46513 | Depths:1 | 46513 ||| INVOKING Berserk.
 46796 | Depths:1 | 46796 ||| INVOKING Brothers in Arms.
 46797 | Depths:1 | 46797 ||| INVOKING Brothers in Arms.
 46813 | Depths:1 | Found a hazy altar of Hepliaklqana.
 46822 | Depths:1 | Reached skill level 12 in Throwing
 46951 | Depths:1 | Found Wyfaon's Antique Weapon Shop.
 47081 | Depths:2 | 47081 ||| Stepping ~*~*~tactically~*~*~ (stealth).
 47087 | Depths:2 | 47087 ||| Stepping ~*~*~tactically~*~*~ (stealth).
 47097 | Depths:2 | 47097 ||| INVOKING Brothers in Arms.
 47149 | Depths:2 | 47149 ||| INVOKING Brothers in Arms.
 47153 | Depths:2 | 47153 ||| INVOKING Berserk.
 47231 | Depths:2 | 47231 ||| Stepping ~*~*~tactically~*~*~ (cloud).
 47232 | Depths:2 | 47232 ||| INVOKING Berserk.
 47298 | Depths:2 | 47298 ||| INVOKING Berserk.
 47474 | Depths:2 | 47474 ||| Stepping ~*~*~tactically~*~*~ (hiding).
 47479 | Depths:2 | 47479 ||| INVOKING Trog's Hand.
 47485 | Depths:2 | 47485 ||| Stepping ~*~*~tactically~*~*~ (stealth).
 47486 | Depths:2 | 47486 ||| INVOKING Berserk.
 47526 | Depths:2 | 47526 ||| Stepping ~*~*~tactically~*~*~ (stealth).
 47534 | Depths:2 | 47534 ||| INVOKING Trog's Hand.
 47614 | Depths:2 | 47614 ||| Stepping ~*~*~tactically~*~*~ (stealth).
 47616 | Depths:2 | 47616 ||| Stepping ~*~*~tactically~*~*~ (hiding).
 47642 | Depths:2 | 47642 ||| INVOKING Berserk.
 47670 | Depths:2 | 47670 ||| FLEEEEING.
 47671 | Depths:2 | 47671 ||| FLEEEEING.
 47691 | Depths:2 | 47691 ||| Stepping ~*~*~tactically~*~*~ (hiding).
 47811 | Depths:2 | 47811 ||| Stepping ~*~*~tactically~*~*~ (stealth).
 47812 | Depths:2 | 47812 ||| Stepping ~*~*~tactically~*~*~ (stealth).
 47813 | Depths:2 | 47813 ||| Stepping ~*~*~tactically~*~*~ (stealth).
 47881 | Depths:2 | Found a one-way gate leading to the halls of Pandemonium.
 47882 | Depths:2 | 47882 ||| Stepping ~*~*~tactically~*~*~ (hiding).
 47883 | Depths:2 | 47883 ||| Stepping ~*~*~tactically~*~*~ (hiding).
 47885 | Depths:2 | 47885 ||| Stepping ~*~*~tactically~*~*~ (hiding).
 47997 | Depths:2 | 47997 ||| Stepping ~*~*~tactically~*~*~ (stealth).
 47998 | Depths:2 | 47998 ||| Stepping ~*~*~tactically~*~*~ (stealth).
 47999 | Depths:2 | 47999 ||| Stepping ~*~*~tactically~*~*~ (stealth).
 48001 | Depths:2 | 48001 ||| Stepping ~*~*~tactically~*~*~ (stealth).
 48002 | Depths:2 | 48002 ||| Stepping ~*~*~tactically~*~*~ (stealth).
 48025 | Depths:2 | Found a one-way gateway to a ziggurat.
 48623 | Depths:3 | Noticed a golden dragon
 48624 | Depths:3 | 48624 ||| INVOKING Brothers in Arms.
 48630 | Depths:3 | 48630 ||| INVOKING Berserk.
 48636 | Depths:3 | Killed a golden dragon
 48637 | Depths:3 | Reached XP level 22. HP: 222/222 MP: 21/21
 48642 | Depths:3 | 48642 ||| INVOKING Brothers in Arms.
 48655 | Depths:3 | 48655 ||| Stepping ~*~*~tactically~*~*~ (hiding).
 48673 | Depths:3 | Reached skill level 24 in Fighting
 48678 | Depths:3 | 48678 ||| FLEEEEING.
 48679 | Depths:3 | 48679 ||| FLEEEEING.
 48680 | Depths:3 | 48680 ||| FLEEEEING.
 48681 | Depths:3 | 48681 ||| FLEEEEING.
 48682 | Depths:3 | 48682 ||| STAIRDANCE
 48777 | Depths:3 | 48777 ||| Stepping ~*~*~tactically~*~*~ (stealth).
 48778 | Depths:3 | 48778 ||| INVOKING Brothers in Arms.
 48892 | Depths:3 | Identified the +1 ring mail "Taki" {rF+}
 48903 | Depths:3 | 48903 ||| INVOKING Berserk.
 49148 | Depths:3 | 49148 ||| INVOKING Trog's Hand.
 49151 | Depths:3 | 49151 ||| INVOKING Berserk.
 49222 | Depths:3 | Noticed Louise
 49223 | Depths:3 | 49223 ||| INVOKING Trog's Hand.
 49242 | Depths:3 | 49242 ||| INVOKING Trog's Hand.
 49246 | Depths:3 | Killed Louise
 49262 | Depths:3 | Found a one-way gate to the infinite horrors of the Abyss.
 49278 | Depths:3 | 49278 ||| INVOKING Berserk.
 49543 | Depths:3 | Found an ornate altar of the Wu Jian Council.
 49773 | Depths:3 | You fall into a shaft and drop 1 floor!
 49773 | Depths:4 | Entered Level 4 of the Depths
 49777 | Depths:4 | 49777 ||| INVOKING Berserk.
 49992 | Depths:4 | Noticed a juggernaut
 49994 | Depths:4 | 49994 ||| INVOKING Berserk.
 49998 | Depths:4 | Killed a juggernaut
 49999 | Depths:4 | Reached skill level 15 in Dodging
 50113 | Depths:4 | 50113 ||| Stepping ~*~*~tactically~*~*~ (stealth).
 50446 | Depths:4 | Noticed Sojobo
 50447 | Depths:4 | 50447 ||| INVOKING Brothers in Arms.
 50451 | Depths:4 | 50451 ||| INVOKING Berserk.
 50458 | Depths:4 | Paralysed by an air elemental for 1 turns
 50477 | Depths:4 | 50477 ||| INVOKING Brothers in Arms.
 50478 | Depths:4 | 50478 ||| INVOKING Brothers in Arms.
 50480 | Depths:4 | Paralysed by an air elemental for 1 turns
 50484 | Depths:4 | Paralysed by an air elemental for 1 turns
 50488 | Depths:4 | Killed Sojobo
 50616 | Depths:4 | 50616 ||| FLEEEEING.
 50617 | Depths:4 | 50617 ||| FLEEEEING.
 50618 | Depths:4 | 50618 ||| FLEEEEING.
 50619 | Depths:4 | 50619 ||| FLEEEEING.
 50620 | Depths:4 | 50620 ||| FLEEEEING.
 50621 | Depths:4 | 50621 ||| FLEEEEING.
 50622 | Depths:4 | 50622 ||| FLEEEEING.
 50640 | Depths:4 | 50640 ||| INVOKING Trog's Hand.
 50655 | Depths:4 | 50655 ||| INVOKING Berserk.
 50690 | Depths:4 | Reached skill level 25 in Fighting
 50690 | Depths:4 | Found a runed translucent door.
 50690 | Depths:4 | Found a runed translucent door.
 50716 | Depths:4 | 50716 ||| INVOKING Brothers in Arms.
 50733 | Depths:4 | 50733 ||| FLEEEEING.
 50740 | Depths:4 | 50740 ||| FLEEEEING.
 50741 | Depths:4 | 50741 ||| FLEEEEING.
 50742 | Depths:4 | 50742 ||| FLEEEEING.
 50743 | Depths:4 | 50743 ||| FLEEEEING.
 50744 | Depths:4 | 50744 ||| FLEEEEING.
 50745 | Depths:4 | 50745 ||| FLEEEEING.
 50926 | Depths:4 | Found a runed translucent door.
 50933 | Depths:4 | Found a runed translucent door.
 50948 | Depths:4 | Found a gate to the Realm of Zot.
 50969 | Depths:4 | 50969 ||| INVOKING Berserk.
 51085 | Depths:4 | 51085 ||| INVOKING Berserk.
 51295 | Depths:4 | Found a runed translucent door.
 51364 | Depths:4 | 51364 ||| INVOKING Berserk.
 51472 | Depths:4 | Found a runed translucent door.
 51561 | Depths:3 | 51561 ||| PLANNING VAULTS:5
 51798 | Vaults:5 | Entered Level 5 of the Vaults
 51800 | Vaults:5 | 51800 ||| STAIRDANCE
 51815 | Vaults:5 | 51815 ||| STAIRDANCE
 51834 | Vaults:5 | 51834 ||| STAIRDANCE
 51852 | Vaults:4 | 51852 ||| DROPPING +9 plate armour of ponderousness.
 51856 | Vaults:5 | 51856 ||| STAIRDANCE
 51881 | Vaults:5 | 51881 ||| STAIRDANCE
 51888 | Vaults:5 | 51888 ||| INVOKING Trog's Hand.
 51903 | Vaults:5 | 51903 ||| INVOKING Berserk.
 51912 | Vaults:5 | Reached XP level 23. HP: 234/234 MP: 22/22
 51949 | Vaults:5 | 51949 ||| FLEEEEING.
 51950 | Vaults:5 | 51950 ||| STAIRDANCE
 52054 | Vaults:5 | 52054 ||| INVOKING Trog's Hand.
 52077 | Vaults:5 | 52077 ||| INVOKING Berserk.
 52082 | Vaults:5 | Reached skill level 15 in Throwing
 52108 | Vaults:5 | Noticed a dread lich
 52109 | Vaults:5 | 52109 ||| INVOKING Trog's Hand.
 52110 | Vaults:5 | 52110 ||| INVOKING Brothers in Arms.
 52117 | Vaults:5 | Killed a dread lich
 52269 | Vaults:5 | Found Miekyguts's General Store.
 52272 | Vaults:5 | Found Wisuh's Jewellery Shop.
 52273 | Vaults:5 | Noticed an ancient lich
 52273 | Vaults:5 | 52273 ||| INVOKING Trog's Hand.
 52274 | Vaults:5 | 52274 ||| INVOKING Brothers in Arms.
 52275 | Vaults:5 | 52275 ||| INVOKING Brothers in Arms.
 52276 | Vaults:5 | 52276 ||| INVOKING Brothers in Arms.
 52277 | Vaults:5 | 52277 ||| INVOKING Brothers in Arms.
 52278 | Vaults:5 | 52278 ||| INVOKING Berserk.
 52289 | Vaults:5 | Killed an ancient lich
 52318 | Vaults:5 | 52318 ||| Stepping ~*~*~tactically~*~*~ (stealth).
 52319 | Vaults:5 | 52319 ||| Stepping ~*~*~tactically~*~*~ (stealth).
 52321 | Vaults:5 | 52321 ||| INVOKING Trog's Hand.
 52325 | Vaults:5 | Noticed an ancient lich
 52327 | Vaults:5 | 52327 ||| Stepping ~*~*~tactically~*~*~ (hiding).
 52328 | Vaults:5 | 52328 ||| Stepping ~*~*~tactically~*~*~ (hiding).
 52334 | Vaults:5 | Killed an ancient lich
 52347 | Vaults:5 | 52347 ||| BUYING amulet "Xutecud" {Spirit Harm rF- Str+4}
                  | (768 gold).
 52347 | Vaults:5 | Bought the amulet "Xutecud" {Spirit Harm rF- Str+4} for 768
                  | gold pieces
 52383 | Vaults:5 | Reached skill level 26 in Fighting
 52388 | Vaults:5 | Noticed an ancient lich
 52389 | Vaults:5 | 52389 ||| INVOKING Trog's Hand.
 52390 | Vaults:5 | 52390 ||| INVOKING Berserk.
 52399 | Vaults:5 | Killed an ancient lich
 52539 | Vaults:5 | 52539 ||| INVOKING Brothers in Arms.
 52540 | Vaults:5 | 52540 ||| INVOKING Berserk.
 52556 | Vaults:5 | 52556 ||| INVOKING Trog's Hand.
 52596 | Vaults:5 | 52596 ||| Stepping ~*~*~tactically~*~*~ (stealth).
 52597 | Vaults:5 | 52597 ||| Stepping ~*~*~tactically~*~*~ (stealth).
 52599 | Vaults:5 | 52599 ||| Stepping ~*~*~tactically~*~*~ (stealth).
 52748 | Vaults:5 | Found Jit Vub's Jewellery Shoppe.
 52752 | Vaults:5 | 52752 ||| BUYING ring of the Villain {rF+ rC++} (891 gold).
 52752 | Vaults:5 | Bought the ring of the Villain {rF+ rC++} for 891 gold
                  | pieces
 52753 | Vaults:5 | Found Fahai's General Store.
 52757 | Vaults:5 | 52757 ||| SHOPLISTING 2 scrolls of enchant armour (330
                  | gold, have 242).
 52757 | Vaults:5 | 52757 ||| BUYING potion of curing (66 gold).
 52757 | Vaults:5 | Bought a potion of curing for 66 gold pieces
 52766 | Vaults:5 | 52766 ||| INVOKING Berserk.
 52914 | Vaults:5 | 52914 ||| INVOKING Berserk.
 53169 | Vaults:5 | 53169 ||| INVOKING Berserk.
 53355 | Vaults:5 | Found Bosupn's Jewellery Shoppe.
 53356 | Vaults:5 | 53356 ||| Stepping ~*~*~tactically~*~*~ (hiding).
 53363 | Vaults:5 | 53363 ||| INVOKING Brothers in Arms.
 53364 | Vaults:5 | 53364 ||| INVOKING Brothers in Arms.
 53365 | Vaults:5 | 53365 ||| INVOKING Trog's Hand.
 53366 | Vaults:5 | 53366 ||| INVOKING Berserk.
 53418 | Vaults:5 | Noticed Boris
 53419 | Vaults:5 | 53419 ||| Stepping ~*~*~tactically~*~*~ (stealth).
 53444 | Vaults:5 | Got a silver rune of Zot
 53467 | Vaults:5 | 53467 ||| INVOKING Brothers in Arms.
 53468 | Vaults:5 | 53468 ||| INVOKING Brothers in Arms.
 53471 | Vaults:5 | 53471 ||| INVOKING Berserk.
 53481 | Vaults:5 | Killed Boris
 53618 | Vaults:5 | 53618 ||| Stepping ~*~*~tactically~*~*~ (stealth).
 53620 | Vaults:5 | 53620 ||| Stepping ~*~*~tactically~*~*~ (hiding).
 53622 | Vaults:5 | 53622 ||| Stepping ~*~*~tactically~*~*~ (hiding).
 53625 | Vaults:5 | 53625 ||| INVOKING Berserk.
 53730 | Vaults:5 | 53730 ||| Stepping ~*~*~tactically~*~*~ (hiding).
 53731 | Vaults:5 | 53731 ||| Stepping ~*~*~tactically~*~*~ (hiding).
 53736 | Vaults:5 | 53736 ||| INVOKING Berserk.
 53831 | Vaults:5 | 53831 ||| Stepping ~*~*~tactically~*~*~ (stealth).
 53831 | Vaults:5 | Found Iryut's Magic Scroll Emporium.
 53831 | Vaults:5 | Found Lyiwou's Distillery.
 53832 | Vaults:5 | 53832 ||| Stepping ~*~*~tactically~*~*~ (stealth).
 53833 | Vaults:5 | 53833 ||| Stepping ~*~*~tactically~*~*~ (stealth).
 53834 | Vaults:5 | Found Qedy Esa's Distillery.
 53835 | Vaults:5 | 53835 ||| BUYING scroll of enchant weapon (112 gold).
 53835 | Vaults:5 | Bought a scroll of enchant weapon for 112 gold pieces
 53835 | Vaults:5 | 53835 ||| BUYING scroll of teleportation (45 gold).
 53835 | Vaults:5 | Bought a scroll of teleportation for 45 gold pieces
 53835 | Vaults:5 | 53835 ||| BUYING scroll of teleportation (45 gold).
 53835 | Vaults:5 | Bought a scroll of teleportation for 45 gold pieces
 53835 | Vaults:5 | 53835 ||| BUYING scroll of teleportation (45 gold).
 53835 | Vaults:5 | Bought a scroll of teleportation for 45 gold pieces
 53835 | Vaults:5 | 53835 ||| BUYING scroll of teleportation (45 gold).
 53835 | Vaults:5 | Bought a scroll of teleportation for 45 gold pieces
 53836 | Vaults:5 | 53836 ||| Stepping ~*~*~tactically~*~*~ (stealth).
 53858 | Vaults:5 | 53858 ||| BUYING 2 potions of curing (90 gold).
 53858 | Vaults:5 | Bought 2 potions of curing for 90 gold pieces
 53858 | Vaults:5 | 53858 ||| SHOPLISTING 2 potions of might (120 gold, have
                  | 116).
 53858 | Vaults:5 | 53858 ||| BUYING potion of curing (45 gold).
 53858 | Vaults:5 | Bought a potion of curing for 45 gold pieces
 53858 | Vaults:5 | 53858 ||| BUYING potion of curing (45 gold).
 53858 | Vaults:5 | Bought a potion of curing for 45 gold pieces
 53858 | Vaults:5 | 53858 ||| SHOPLISTING potion of mutation (120 gold, have
                  | 26).
 53896 | Vaults:5 | 53896 ||| SHOPLISTING potion of curing (69 gold, have 26).
 53896 | Vaults:5 | 53896 ||| SHOPLISTING potion of heal wounds (115 gold, have
                  | 26).
 53896 | Vaults:5 | 53896 ||| SHOPLISTING potion of might (92 gold, have 26).
 53896 | Vaults:5 | 53896 ||| SHOPLISTING potion of mutation (184 gold, have
                  | 26).
 53969 | Vaults:5 | 53969 ||| Stepping ~*~*~tactically~*~*~ (hiding).
 53971 | Vaults:5 | 53971 ||| Stepping ~*~*~tactically~*~*~ (hiding).
 53972 | Vaults:5 | 53972 ||| INVOKING Trog's Hand.
 54427 | Vaults:5 | 54427 ||| Stepping ~*~*~tactically~*~*~ (hiding).
 54433 | Vaults:5 | 54433 ||| INVOKING Berserk.
 54563 | Vaults:5 | Found Vutiduuwk's Distillery.
 54563 | Vaults:5 | Found Tior's Distillery.
 54568 | Vaults:5 | 54568 ||| BUYING potion of heal wounds (95 gold).
 54568 | Vaults:5 | Bought a potion of heal wounds for 95 gold pieces
 54568 | Vaults:5 | 54568 ||| BUYING potion of might (76 gold).
 54568 | Vaults:5 | Bought a potion of might for 76 gold pieces
 54568 | Vaults:5 | 54568 ||| BUYING potion of might (76 gold).
 54568 | Vaults:5 | Bought a potion of might for 76 gold pieces
 54568 | Vaults:5 | 54568 ||| BUYING potion of might (76 gold).
 54568 | Vaults:5 | Bought a potion of might for 76 gold pieces
 54568 | Vaults:5 | 54568 ||| BUYING potion of might (76 gold).
 54568 | Vaults:5 | Bought a potion of might for 76 gold pieces
 54568 | Vaults:5 | 54568 ||| BUYING potion of resistance (190 gold).
 54568 | Vaults:5 | Bought a potion of resistance for 190 gold pieces
 54568 | Vaults:5 | 54568 ||| BUYING potion of resistance (190 gold).
 54568 | Vaults:5 | Bought a potion of resistance for 190 gold pieces
 54575 | Vaults:5 | 54575 ||| BUYING potion of curing (51 gold).
 54575 | Vaults:5 | Bought a potion of curing for 51 gold pieces
 54575 | Vaults:5 | 54575 ||| BUYING potion of curing (51 gold).
 54575 | Vaults:5 | Bought a potion of curing for 51 gold pieces
 54575 | Vaults:5 | 54575 ||| BUYING potion of heal wounds (85 gold).
 54575 | Vaults:5 | Bought a potion of heal wounds for 85 gold pieces
 54575 | Vaults:5 | 54575 ||| BUYING potion of might (68 gold).
 54575 | Vaults:5 | Bought a potion of might for 68 gold pieces
 54575 | Vaults:5 | 54575 ||| BUYING potion of resistance (170 gold).
 54575 | Vaults:5 | Bought a potion of resistance for 170 gold pieces
 54583 | Vaults:5 | Found Ixzuwem's Distillery.
 54588 | Vaults:5 | 54588 ||| BUYING 2 potions of might (176 gold).
 54588 | Vaults:5 | Bought 2 potions of might for 176 gold pieces
 54588 | Vaults:5 | 54588 ||| SHOPLISTING 3 potions of heal wounds (330 gold,
                  | have 66).
 54588 | Vaults:5 | 54588 ||| BUYING potion of curing (66 gold).
 54588 | Vaults:5 | Bought a potion of curing for 66 gold pieces
 54588 | Vaults:5 | 54588 ||| SHOPLISTING potion of haste (220 gold, have 0).
 54588 | Vaults:5 | 54588 ||| SHOPLISTING potion of heal wounds (110 gold, have
                  | 0).
 54599 | Vaults:5 | Found Gisis's Distillery.
 54603 | Vaults:5 | 54603 ||| SHOPLISTING 2 potions of heal wounds (150 gold,
                  | have 0).
 54603 | Vaults:5 | 54603 ||| SHOPLISTING potion of cancellation (120 gold,
                  | have 0).
 54603 | Vaults:5 | 54603 ||| SHOPLISTING potion of curing (45 gold, have 0).
 54603 | Vaults:5 | 54603 ||| SHOPLISTING potion of heal wounds (75 gold, have
                  | 0).
 54603 | Vaults:5 | 54603 ||| SHOPLISTING potion of mutation (120 gold, have
                  | 0).
 54662 | Vaults:5 | 54662 ||| PLANNING SHOPPING SPREE
 54662 | Vaults:5 | 54662 ||| DROPPING +0 fire dragon scales.
 54663 | Vaults:5 | 54663 ||| UPGRADING to ring of the Villain {rF+ rC++}.
 54665 | Vaults:5 | 54665 ||| CLEARING SHOPPING LIST
 54665 | Vaults:5 | 54665 ||| PLANNING ZOT:1-4
 54665 | Vaults:5 | 54665 ||| READING 8 scrolls of teleportation.
 54989 | Zot:1    | Entered Level 1 of the Realm of Zot
 54992 | Zot:1    | 54992 ||| Stepping ~*~*~tactically~*~*~ (hiding).
 54993 | Zot:1    | 54993 ||| Stepping ~*~*~tactically~*~*~ (hiding).
 54994 | Zot:1    | 54994 ||| Stepping ~*~*~tactically~*~*~ (hiding).
 54996 | Zot:1    | 54996 ||| Stepping ~*~*~tactically~*~*~ (hiding).
 55169 | Zot:1    | 55169 ||| Stepping ~*~*~tactically~*~*~ (hiding).
 55190 | Zot:1    | 55190 ||| INVOKING Berserk.
 55354 | Zot:1    | 55354 ||| INVOKING Berserk.
 55774 | Zot:1    | 55774 ||| DROPPING +1 pair of boots.
 55796 | Zot:2    | 55796 ||| STAIRDANCE
 55854 | Zot:2    | 55854 ||| STAIRDANCE
 55856 | Zot:1    | 55856 ||| INVOKING Berserk.
 55972 | Zot:2    | 55972 ||| INVOKING Berserk.
 55985 | Zot:2    | Reached skill level 1 in Evocations
 56099 | Zot:2    | 56099 ||| INVOKING Berserk.
 56145 | Zot:2    | 56145 ||| Stepping ~*~*~tactically~*~*~ (stealth).
 56149 | Zot:2    | 56149 ||| INVOKING Berserk.
 56153 | Zot:2    | Reached skill level 3 in Evocations
 56469 | Zot:2    | 56469 ||| Stepping ~*~*~tactically~*~*~ (hiding).
 56472 | Zot:2    | 56472 ||| Stepping ~*~*~tactically~*~*~ (hiding).
 56483 | Zot:2    | 56483 ||| Stepping ~*~*~tactically~*~*~ (hiding).
 56488 | Zot:2    | Reached XP level 24. HP: 244/247 MP: 22/22
 56664 | Zot:2    | Reached skill level 27 in Fighting
 56816 | Zot:3    | 56816 ||| Stepping ~*~*~tactically~*~*~ (hiding).
 56821 | Zot:3    | 56821 ||| INVOKING Berserk.
 56974 | Zot:3    | Found a transporter.
 56975 | Zot:3    | Noticed qw's ghost (master GrDe)
 57304 | Zot:3    | Found a transporter.
 57312 | Zot:3    | 57312 ||| INVOKING Berserk.
 57570 | Zot:3    | 57570 ||| INVOKING Berserk.
 58208 | Zot:4    | 58208 ||| INVOKING Brothers in Arms.
 58208 | Zot:4    | Noticed Grunn
 58211 | Zot:4    | 58211 ||| INVOKING Brothers in Arms.
 58212 | Zot:4    | 58212 ||| INVOKING Berserk.
 58238 | Zot:4    | Killed Grunn
 58628 | Zot:4    | Found a transporter.
 58643 | Zot:4    | Found a transporter.
 58687 | Zot:4    | 58687 ||| INVOKING Berserk.
 59170 | Zot:4    | 59170 ||| Stepping ~*~*~tactically~*~*~ (hiding).
 59406 | Zot:5    | Entered Level 5 of the Realm of Zot
 59407 | Zot:5    | 59407 ||| PLANNING ORB
 59409 | Zot:5    | 59409 ||| INVOKING Berserk.
 59527 | Zot:5    | 59527 ||| READING scroll of acquirement.
 59527 | Zot:5    | 59527 ||| ACQUIRING +15 Maxwell's patent armour {-Cast
                  | -Tele rElec Will+ rCorr}
 59527 | Zot:5    | Acquired the +15 Maxwell's patent armour {-Cast -Tele rElec
                  | Will+ rCorr}
 59527 | Zot:5    | Found the +15 Maxwell's patent armour {-Cast -Tele rElec
                  | Will+ rCorr}
 59598 | Zot:5    | 59598 ||| FLEEEEING.
 59614 | Zot:5    | 59614 ||| FLEEEEING.
 59616 | Zot:5    | 59616 ||| FLEEEEING.
 59626 | Zot:5    | 59626 ||| STAIRDANCE
 59848 | Zot:5    | 59848 ||| INVOKING Berserk.
 60371 | Zot:5    | 60371 ||| INVOKING Berserk.
 60403 | Zot:5    | 60403 ||| STAIRDANCE
 60548 | Zot:5    | 60548 ||| INVOKING Berserk.
 60799 | Zot:5    | 60799 ||| Stepping ~*~*~tactically~*~*~ (hiding).
 60804 | Zot:5    | 60804 ||| INVOKING Berserk.
 60825 | Zot:5    | Reached skill level 21 in Axes
 60865 | Zot:5    | 60865 ||| FLEEEEING.
 60866 | Zot:5    | 60866 ||| FLEEEEING.
 60896 | Zot:5    | 60896 ||| Stepping ~*~*~tactically~*~*~ (hiding).
 61083 | Zot:5    | 61083 ||| INVOKING Berserk.
 61452 | Zot:5    | Noticed an ancient lich
 61453 | Zot:5    | 61453 ||| INVOKING Trog's Hand.
 61457 | Zot:5    | 61457 ||| INVOKING Berserk.
 61462 | Zot:5    | Killed an ancient lich
 61594 | Zot:5    | 61594 ||| Stepping ~*~*~tactically~*~*~ (stealth).
 61626 | Zot:5    | Noticed a Killer Klown
 61628 | Zot:5    | Noticed an ancient lich
 61629 | Zot:5    | 61629 ||| INVOKING Trog's Hand.
 61630 | Zot:5    | 61630 ||| INVOKING Berserk.
 61634 | Zot:5    | Killed a Killer Klown
 61642 | Zot:5    | Killed an ancient lich
 61650 | Zot:5    | Noticed an orb of fire
 61655 | Zot:5    | Gained mutation: Your spells are a little easier to cast,
                  | but a little less powerful. [an orb of fire]
 61662 | Zot:5    | Noticed a Killer Klown
 61666 | Zot:5    | Gained mutation: Your body sometimes deteriorates upon
                  | taking damage. [an orb of fire]
 61667 | Zot:5    | Gained mutation: You are occasionally teleported next to
                  | monsters. [an orb of fire]
 61670 | Zot:5    | Killed an orb of fire
 61671 | Zot:5    | Noticed a Killer Klown
 61674 | Zot:5    | HP: 48/242 [Orb Guardian (25)]
 61675 | Zot:5    | 61675 ||| READING 8 scrolls of teleportation.
 61675 | Zot:5    | HP: 16/242 [Orb Guardian (13)]
 61675 | Zot:5    | HP: 3/242 [yellow draconian/+0 glaive (13)]
 61676 | Zot:5    | 61676 ||| DRINKING 7 potions of heal wounds.
 61677 | Zot:5    | 61677 ||| DRINKING 6 potions of heal wounds.
 61678 | Zot:5    | 61678 ||| DRINKING 5 potions of heal wounds.
 61679 | Zot:5    | 61679 ||| DRINKING 4 potions of heal wounds.
 61680 | Zot:5    | 61680 ||| DRINKING 3 potions of heal wounds.
 61680 | Zot:5    | HP: 45/243 [poisoned by a Killer Klown]
 61680 | Zot:5    | a Killer Klown changed into a fire giant
 61681 | Zot:5    | 61681 ||| DRINKING 2 potions of heal wounds.
 61682 | Zot:5    | 61682 ||| DRINKING potion of heal wounds.
 61682 | Zot:5    | HP: 20/243 [Killer Klown/klown pie (18)]
 61720 | Zot:5    | Noticed an ancient lich
 61721 | Zot:5    | 61721 ||| READING 7 scrolls of teleportation.
 61721 | Zot:5    | HP: 48/243 [storm dragon/bolt of lightning (10)]
 61722 | Zot:5    | 61722 ||| INVOKING Berserk.
 61739 | Zot:5    | Noticed a Killer Klown
 61739 | Zot:5    | Noticed an ancient lich
 61744 | Zot:5    | 61744 ||| INVOKING Trog's Hand.
 61744 | Zot:5    | Noticed an orb of fire
 61748 | Zot:5    | HP: 52/249 [Orb Guardian (22)]
 61748 | Zot:5    | HP: 21/249 [ancient lich/crystal spear (31)]
 61748 | Zot:5    | HP: 7/249 [moth of wrath (14)]
 61749 | Zot:5    | 61749 ||| READING 6 scrolls of teleportation.
 61750 | Zot:5    | Noticed a Killer Klown
 61750 | Zot:5    | a Killer Klown changed into an alligator snapping turtle
 61750 | Zot:5    | Mangled by an Orb Guardian

Levels and vault maps discovered:
D:1:      dpeg_arrival_long_road, layout_basic, serial_shops, shop,
          wad_woods_river_04, minmay_3d_cube
D:2:      layout_rooms, hellmonk_ecumenical_altar_watching_god
D:3:      layout_loops_ring, mainiacjoe_overflow_surrounded_room,
          minmay_goblin_kobold_house
D:4:      layout_basic
D:5:      layout_loops_ring, serial_aquarium, aquarium_bridge_square
          [aquarium_subvault_bridge, aquarium_subvault_wall,
          aquarium_subvault_wall, aquarium_subvault_window],
          aquarium_bridge_straight [aquarium_subvault_bridge,
          aquarium_subvault_wall, aquarium_subvault_bridge,
          aquarium_subvault_balcony], aquarium_window_fake,
          aquarium_window_double, aquarium_view_2a, aquarium_view_2g,
          aquarium_balcony_1b, aquarium_pool_1, grunt_decor_mini_mirrors
D:6:      layout_basic, temple_statues, dreamdust_wishing_well
D:7:      layout_gridville, general_overflow_altar,
          chequers_temple_overflow_statue_of_worship
D:8:      layout_gridville, enter_ossuary_4, serial_shops, kennysheep_mini,
          minivault_4
D:9:      layout_rooms, serial_shops, kennysheep_little_box
D:10:     layout_roguey, mainiacjoe_overflow_catwalk, uniq_psyche
D:11:     layout_rooms, erik_lair_orcish_takeover, orc_0_dummy
D:12:     layout_cave_pods
D:13:     layout_loops_ring, grunt_vaults_entry_fortified,
          gammafunk_ghost_arena, trog_hazing_becter, uniq_nessos
D:14:     minmay_inside_and_out, layout_basic, okawaru_gym_becter, pond,
          uniq_kirke
D:15:     hangedman_depths_entry_try_elsewhere_first, layout_irregular_city,
          serial_shops, nicolae_shop_bloodbath_and_beyond,
          nicolae_shop_advertising_works [nicolae_subvault_shop_adworks],
          nicolae_shop_trees
Lair:1:   layout_regular_city, uniq_harold, uniq_sonja
Lair:2:   layout_chaotic_city, infiniplex_staircase_pool_2
Lair:3:   layout_concentric_octagons, elwin_shoals_entry_stream,
          nicolae_spider_entry_orb_guardian, hellmonk_guarded_unrand_vines
Lair:4:   layout_gridlike, dpeg_slime_entry_corner, lemuel_fruit_fields
Lair:5:   hangedman_lair_tendril_chambers, layout_cave_shapes
Shoals:1: layout_shoals, nicolae_island_escapes
Shoals:2: nicolae_shoals_lighthouse, layout_shoals, serial_shops,
          nicolae_shop_hallway_plus, uniq_polyphemus
Shoals:3: layout_shoals
Shoals:4: shoals_end_hellmonk_storm_palace [storm_palace_center_square,
          storm_palace_corner_reverse_hut, storm_palace_corner_pillars,
          storm_palace_corner_narrow, storm_palace_corner_pillars]
Spider:1: layout_spider_delve, gammafunk_ghost_arena,
          nicolae_spider_swamp_cousins, uniq_roxanne, uniq_jorgrun,
          uniq_asterion
Spider:2: layout_spider_delve
Spider:3: layout_spider_delve, nicolae_spider_webbed_stairs
Spider:4: spider_rune_water, uniq_nikola
Orc:1:    layout_diamond_mine, ebering_ghost_gozag, uniq_josephine
Orc:2:    st_orc_open, layout_caves, mines5_lemuel
Vaults:1: v_pattern_1, nicolae_vaults_halls_meeting, vaults_dpeg_cross,
          layout_vaults_big_room, serial_shops, shop
Vaults:2: nicolae_vaults_little_squares_5, v_pattern_3,
          vaults_mumra_minichess_inversion, vaults_mumra_minichess,
          nicolae_vaults_puzzle_piece, st_more_cells, v_misc_33,
          ontoclasm_vaults_idyll, ontoclasm_vaults_gateway, vaults_room_pool,
          nicolae_vaults_border_crossing, vaults_dpeg_diagonal,
          layout_vaults_maze_bifur
Vaults:3: v_misc_31, v_alt_pattern_5, minmay_crypt_entry_simple_sparse,
          nicolae_vaults_sealed_display, vaults_dpeg_encased_lava, v_misc_18,
          vaults_mumra_hexcomb, nicolae_vaults_theta,
          nicolae_vaults_little_squares_3, layout_vaults_quadrants,
          serial_shops, shop
Vaults:4: nicolae_vaults_network_s, hangedman_vaults_pinch,
          ontoclasm_vaults_misaligned, nicolae_vaults_windows_and_doors_thing,
          nicolae_vaults_fighting_squares, hangedman_vaults_stretched_pinwheel,
          v_misc_30, hangedman_vaults_impose, hangedman_vaults_stitches,
          v_misc_25, hangedman_vaults_restitches, v_misc_25,
          ontoclasm_vaults_pinch, vaults_room_semicircle, layout_vaults_omnibox,
          serial_shops, shop, uniq_jory, uniq_mara, uniq_boris
Vaults:5: serial_shops
Depths:1: minmay_triangles_in_corner, layout_gridlike, gammafunk_ghost_icy,
          serial_shops, shop, hangedman_geh_valley, minmay_misc_feat_nine_boxes,
          minmay_misc_feat_room, nzn_hepliaklqana_mist_gate
Depths:2: nicolae_cairo_tiling, layout_cave_pools, enter_ziggurat_e,
          grunt_mini_vestibule, rand_demon_pan_entry_8, minmay_misc_feat_square,
          chequers_big_river, grunt_decor_resistance
Depths:3: kennysheep_funnel, layout_cave_pools,
          nicolae_abyss_entry_one_way_or_another, hangedman_tar_grid_catacomb,
          nzn_wu_jian_contemplation, uniq_josephina
Depths:4: evilmike_zot_entry_castle, layout_basic,
          minmay_misc_feat_secret_circle, hell_entry, hex_medium, uniq_sojobo
Zot:1:    layout_misc_corridors
Zot:2:    layout_misc_corridors, grunt_megastairs_4
Zot:3:    layout_concentric_octagons, gammafunk_ghost_arena
Zot:4:    gammafunk_sealed_arena, layout_onion, grunt_megastairs_3, uniq_grunn,
          uniq_tiamat
Zot:5:    layout_gridlike

Skill      XL: |  1  2  3  4  5  6  7  8  9 10 11 12 13 14 15 16 17 18 19 20 21 22 23 24 |
---------------+-------------------------------------------------------------------------+-----
Axes           | 4 5 6 7 8 10 12 14 16 18 19 20 21 | 21.0
Shields        | 1 3 4 5 6 7 9 10 12 13 14 16 19 20 21 22 23 | 23.1
Armour         | 3 4 5 6 7 9 10 12 14 15 16 18 20 21 23 | 23.0
Fighting       | 4 6 7 8 9 11 13 15 17 19 20 21 23 25 26 27 | 27.0
Dodging        | 4 5 7 8 9 10 11 14 15 16 17 | 17.8
Throwing       | 1 5 6 7 8 9 13 14 15 | 15.0
Evocations     | 3 4 |  4.5

Action                   |  1- 3 |  4- 6 |  7- 9 | 10-12 | 13-15 | 16-18 | 19-21 | 22-24 || total
-------------------------+-------+-------+-------+-------+-------+-------+-------+-------++-------
Melee: Hand axe          |    91 |   154 |    25 |       |       |       |       |       ||   270
       Headbutt          |    18 |    22 |    32 |    74 |   153 |   171 |   395 |   462 ||  1327
       Punch             |     1 |       |       |       |       |       |       |       ||     1
       Broad axe         |       |       |   206 |   295 |   642 |   765 |  1304 |  1381 ||  4593
       War axe           |       |       |     4 |       |       |       |       |       ||     4
       Morningstar       |       |       |       |     6 |    34 |       |       |       ||    40
Throw: Boomerang         |       |       |       |    10 |    59 |    73 |   113 |     7 ||   262
       Javelin           |       |       |       |       |   102 |    47 |    32 |   101 ||   282
Invok: Berserk           |     1 |     3 |     7 |    18 |    27 |    29 |    24 |    43 ||   152
       Brothers in Arms  |       |       |       |     4 |    11 |    13 |    13 |    12 ||    53
       Trog's Hand       |       |       |       |       |     8 |     3 |    22 |    16 ||    49
  Use: Scroll            |     2 |     5 |    10 |     8 |    12 |     6 |    11 |     5 ||    59
       Potion            |     1 |       |     9 |       |       |     5 |     7 |     7 ||    29
 Stab: Distracted        |       |       |       |     1 |     2 |       |       |       ||     3
       Petrifying        |       |       |       |       |       |     2 |       |       ||     2
       Petrified         |       |       |       |       |       |     1 |       |       ||     1
Armor: Animal skin       |    22 |       |       |       |       |       |       |       ||    22
       Plate armour      |       |    58 |    88 |   126 |   237 |   382 |   160 |       ||  1051
       Leather armour    |       |     2 |       |       |       |       |       |       ||     2
       Chain mail        |       |       |       |       |       |       |   140 |   377 ||   517
Dodge: Dodged            |    70 |    42 |    67 |   104 |   231 |   332 |   330 |   480 ||  1656
Block: Buckler           |     5 |     6 |       |       |       |       |       |       ||    11
       Kite shield       |       |    39 |   118 |   129 |   299 |       |       |       ||   585
       Tower shield      |       |       |       |       |    43 |   965 |  1527 |  1853 ||  4388
       Reflection        |       |       |       |       |       |    24 |    75 |    35 ||   134

Table legend:
 A = Non-vault XP
 B = Vault XP
 C = Vault XP percentage of total XP
 D = Non-vault monster count
 E = Vault monster count
 F = Vault count percentage of total count
                 A         B        C        D         E       F
            +---------+---------+-------+---------+---------+-------
      Total |  569434 |  467499 |  45.1 |    1131 |     639 |  36.1
            +---------+---------+-------+---------+---------+-------
        D:1 |      57 |       9 |  13.6 |      33 |       5 |  13.2
        D:2 |      38 |       0 |   0.0 |      13 |       0 |   0.0
        D:3 |      28 |       7 |  20.0 |      16 |       4 |  20.0
        D:4 |     296 |       0 |   0.0 |      23 |       0 |   0.0
        D:5 |     509 |       0 |   0.0 |      24 |       0 |   0.0
        D:6 |    1072 |       0 |   0.0 |      11 |       0 |   0.0
        D:7 |     341 |       0 |   0.0 |       5 |       0 |   0.0
        D:8 |    1027 |       2 |   0.2 |      22 |       2 |   8.3
        D:9 |    2061 |       0 |   0.0 |      18 |       0 |   0.0
       D:10 |    4635 |     371 |   7.4 |      27 |       1 |   3.6
       D:11 |    3334 |     626 |  15.8 |      15 |       9 |  37.5
       D:12 |    4878 |       0 |   0.0 |      20 |       0 |   0.0
       D:13 |    6365 |    6622 |  51.0 |      14 |      16 |  53.3
       D:14 |   13693 |   10825 |  44.2 |      27 |      24 |  47.1
       D:15 |    7794 |    2887 |  27.0 |      18 |       4 |  18.2
     Lair:1 |    2182 |    1626 |  42.7 |       8 |       2 |  20.0
     Lair:2 |    5533 |       0 |   0.0 |      24 |       0 |   0.0
     Lair:3 |    8056 |    4813 |  37.4 |      29 |       8 |  21.6
     Lair:4 |    7553 |       0 |   0.0 |      30 |       0 |   0.0
     Lair:5 |   13898 |   10112 |  42.1 |      29 |      37 |  56.1
   Shoals:1 |    6034 |       0 |   0.0 |      11 |       0 |   0.0
   Shoals:2 |    4954 |   16442 |  76.8 |       9 |      31 |  77.5
   Shoals:3 |   15766 |       0 |   0.0 |      40 |       0 |   0.0
   Shoals:4 |    9419 |   22792 |  70.8 |      23 |      49 |  68.1
   Spider:1 |   13422 |    8066 |  37.5 |      41 |      16 |  28.1
   Spider:2 |   23453 |       0 |   0.0 |      58 |       0 |   0.0
   Spider:3 |   19620 |       0 |   0.0 |      38 |       0 |   0.0
   Spider:4 |   11838 |   21944 |  65.0 |      28 |      40 |  58.8
      Orc:1 |    2534 |    1747 |  40.8 |      15 |       5 |  25.0
      Orc:2 |    3773 |   16186 |  81.1 |      42 |      47 |  52.8
   Vaults:1 |   11813 |   14048 |  54.3 |      20 |      17 |  45.9
   Vaults:2 |   25406 |   41047 |  61.8 |      38 |      50 |  56.8
   Vaults:3 |   24075 |   21123 |  46.7 |      35 |      22 |  38.6
   Vaults:4 |   27016 |   64233 |  70.4 |      39 |      68 |  63.6
   Vaults:5 |   16097 |   85324 |  84.1 |      16 |      64 |  80.0
   Depths:1 |   34888 |   15722 |  31.1 |      40 |      17 |  29.8
   Depths:2 |   26693 |    6859 |  20.4 |      36 |      10 |  21.7
   Depths:3 |   42681 |    2860 |   6.3 |      48 |       2 |   4.0
   Depths:4 |   27228 |   41801 |  60.6 |      32 |      35 |  52.2
      Zot:1 |   20660 |       0 |   0.0 |      19 |       0 |   0.0
      Zot:2 |   39724 |    1513 |   3.7 |      35 |       2 |   5.4
      Zot:3 |   18279 |       0 |   0.0 |      13 |       0 |   0.0
      Zot:4 |   27073 |   12244 |  31.1 |      23 |       9 |  28.1
      Zot:5 |   33638 |   35311 |  51.2 |      26 |      15 |  36.6
    Ossuary |       0 |     337 | 100.0 |       0 |      28 | 100.0
            +---------+---------+-------+---------+---------+-------
